 Dungeon Crawl Stone Soup version 0.24-a0-271-ga0fc33f724 (webtiles) character file.

Game seed: 5846677620158612122

22185981 EnegeticOcto the Slayer (level 27, 162/162 HPs)
             Began as a Vine Stalker Transmuter on Apr 23, 2019.
             Was the Champion of Cheibriados.
             Escaped with the Orb
             ... and 15 runes on Apr 24, 2019!
             The game lasted 05:25:45 (68368 turns).

EnegeticOcto the Slayer (Vine Stalker Transmuter)  Turns: 68368, Time: 05:25:46

Health: 162/162    AC: 22    Str: 36    XL:     27
Magic:  56/56      EV: 31    Int: 45    God:    Cheibriados [******]
Gold:   3471       SH: 38    Dex: 32    Spells: 2/73 levels left

rFire    . . .     SeeInvis .     - Unarmed
rCold    + + .     Gourm    .   I - +8 large shield {rN+}
rNeg     + + .     Faith    .   y - +4 troll leather armour
rPois    .         Spirit   +   T - +3 hat of Pondering {ponderous, MR+ MP+10 Int+5}
rElec    +         Reflect  .   K - +1 cloak of Going Fast {+Blink Int-2 Dex+3}
rCorr    .         Harm     .   (no gloves)
MR       ++++.                  B - +2 pair of boots
Stlth    +.........             M - macabre finger necklace {rN+}
HPRegen  1.57/turn              C - ring of Winter {+Blink rC+ Str+6 Int+5 Dex-3}
MPRegen  0.35/turn              b - ring of protection from cold
                                o - ring of Robustness {AC+8, =R}

@: deflect missiles, very slow
A: fangs 3, horns 1, blink, deformed body, low mp 1, sense surroundings 1,
regeneration 2, electricity resistance, magic shield, antimagic bite, no potion
heal 3, rot immunity, subdued magic 1
0: Orb of Zot
}: 15/15 runes: decaying, slimy, silver, golden, iron, obsidian, icy, bone,
abyssal, demonic, glowing, magical, fiery, dark, gossamer
a: Blink, Bend Time, Temporal Distortion, Slouch, Step From Time, Renounce
Religion, Evoke Blink


You escaped.
You worshipped Cheibriados.
Cheibriados was exalted by your worship.
You were not hungry.

You visited 17 branches of the dungeon, and saw 88 of its levels.
You visited Pandemonium 1 time, and saw 1 of its levels.
You visited the Abyss 4 times.
You visited 1 ziggurat, and saw 12 of its levels.
You also visited: Trove, Gauntlet and Ice Cave.

You collected 8617 gold pieces.
You spent 5146 gold pieces at shops.

Inventory:

Missiles
 a - 2161 arrows
 w - 13 throwing nets (quivered) {!f}
Armour
 y - a +4 troll leather armour (worn)
 B - a +2 pair of boots (worn)
 I - a +8 large shield of positive energy (worn)
 K - the +1 cloak of Going Fast (worn) {+Blink Int-2 Dex+3}
   (You acquired it on level 5 of the Pits of Slime)

   It affects your intelligence (-2).
   It affects your dexterity (+3).
   It lets you blink.
 T - the +3 hat of Pondering (worn) {ponderous, MR+ MP+10 Int+5}
   (You took it off Gastronok on level 3 of the Lair of Beasts)

   It affects your intelligence (+5).
   It affects your resistance to hostile enchantments.
   It affects your magic capacity (+10).
 Y - a +2 cloak of invisibility
Jewellery
 b - a ring of protection from cold (right hand)
 o - the ring of Robustness (on amulet) {AC+8, =R}
   (You bought it in a shop on level 4 of the Depths)

   [ring of protection]

   It affects your AC (+8).
 C - the ring of Winter (left hand) {+Blink rC+ Str+6 Int+5 Dex-3}
   (You found it on level 11 of a ziggurat)

   [ring of intelligence]

   It affects your strength (+6).
   It affects your intelligence (+5).
   It affects your dexterity (-3).
   It protects you from cold.
   It lets you blink.
 M - the macabre finger necklace (around neck) {rN+}
   (You found it on level 7 of a ziggurat)

   [amulet of nothing]

   It protects you from negative energy.
 Q - a +3 amulet of reflection
 V - an uncursed ring of protection from fire
Wands
 h - a wand of digging (27)
 i - a wand of scattershot (17)
 j - a wand of clouds (14)
 z - a wand of paralysis (28)
 A - a wand of polymorph (11)
 D - a wand of enslavement (51)
 F - a wand of iceblast (31)
 S - a wand of acid (57)
Scrolls
 f - 12 scrolls of blinking {@r4}
 m - 8 scrolls of enchant armour
 n - 6 scrolls of identify {@r1}
 q - 33 scrolls of teleportation {@r3 !r}
 r - 4 scrolls of fog {!r}
 t - a scroll of remove curse {@r2}
 u - 3 scrolls of summoning
 E - 8 scrolls of fear {!r}
 L - 5 scrolls of immolation
 O - a scroll of magic mapping {@r5 !r}
 R - 7 scrolls of vulnerability
 W - 2 scrolls of amnesia
 X - 3 scrolls of holy word
Potions
 c - 8 potions of brilliance
 k - 4 potions of might {@q3 !q}
 l - 8 potions of invisibility
 p - 7 potions of flight
 s - 26 potions of curing {@q1 !q}
 v - 8 potions of agility {@q5 !q}
 G - 12 potions of lignification {@q6}
 J - 5 potions of magic
 N - a potion of resistance
 U - 6 potions of ambrosia
 Z - 7 potions of cancellation
Miscellaneous
 d - a lamp of fire
 g - 8 phantom mirrors
 x - 3 boxes of beasts
 H - 8 sacks of spiders
 P - a figurine of a ziggurat
Comestibles
 e - 91 rations


   Skills:
 * Level 26.7 Fighting
 - Level 15.0 Dodging
 - Level 25.0 Shields
 + Level 25.4 Unarmed Combat
 - Level 23.5 Spellcasting
 - Level 8.0 Charms
 - Level 8.0 Summonings
 - Level 18.0 Necromancy
 - Level 6.0 Translocations
 - Level 10.0 Transmutations
 - Level 7.0 Air Magic
 - Level 18.1 Earth Magic
 - Level 12.0 Invocations
 - Level 14.0 Evocations


You had 2 spell levels left.
You knew the following spells:

 Your Spells              Type           Power        Failure   Level  Hunger
a - Lesser Beckoning      Tloc           ######....   1%          3    None
b - Aura of Abjuration    Summ           #######...   1%          5    None
c - Passage of Golubria   Tloc           N/A          1%          4    None
d - Infestation           Necr           ########..   1%          8    None
e - Song of Slaying       Chrm           #######.     0%          2    None
f - Summon Lightning Spi  Summ/Air       #######.     1%          4    None
g - Passwall              Tmut/Erth      #######.     0%          2    None
h - Shatter               Erth           ########..   19%         9    None
i - Apportation           Tloc           ######       0%          1    None
k - Deflect Missiles      Chrm/Air       #######...   1%          6    None
q - Sticks to Snakes      Tmut           #######.     0%          2    None
z - Statue Form           Tmut/Erth      #######..    1%          6    None
I - Blink                 Tloc           N/A          1%          2    None
M - Borgnjor's Vile Clut  Necr/Erth      ########..   0%          5    None
R - Borgnjor's Revivific  Necr           ########..   1%          8    None
T - Regeneration          Chrm/Necr      #######...   0%          3    None
U - Summon Butterflies    Summ           #######.     0%          1    None

Your spell library contained the following spells:

 Spells                   Type           Power        Failure   Level  Hunger
 Animate Skeleton         Necr           N/A          0%          1    None
 Beastly Appendage        Tmut           ######       0%          1    None
 Infusion                 Chrm           ####         0%          1    None
 Pain                     Necr           ####         0%          1    None
 Sandblast                Erth           ######       0%          1    None
 Summon Small Mammal      Summ           ####         0%          1    None
 Call Imp                 Summ           #######.     0%          2    None
 Shroud of Golubria       Chrm/Tloc      ######....   0%          2    None
 Sublimation of Blood     Necr           ########..   0%          2    None
 Swiftness                Chrm/Air       #######.     0%          2    None
 Confusing Touch          Hex            #####.       1%          1    None
 Corona                   Hex            #####..      1%          1    None
 Flame Tongue             Conj/Fire      #####        1%          1    None
 Freeze                   Ice            ####         1%          1    None
 Magic Dart               Conj           ####         1%          1    None
 Shock                    Conj/Air       ####         1%          1    None
 Sting                    Conj/Pois      ####         1%          1    None
 Ensorcelled Hibernation  Hex/Ice        #####.       1%          2    None
 Poisonous Vapours        Pois/Air       ######       1%          2    None
 Searing Ray              Conj           #####.       1%          2    None
 Slow                     Hex            #####...     1%          2    None
 Throw Flame              Conj/Fire      #####.       1%          2    None
 Throw Frost              Conj/Ice       #####.       1%          2    None
 Stone Arrow              Conj/Erth      ######       0%          3    None
 Vampiric Draining        Necr           ########..   0%          3    None
 Animate Dead             Necr           N/A          0%          4    None
 Petrify                  Tmut/Erth      #######.     0%          4    None
 Agony                    Necr           ########     0%          5    None
 Dispel Undead            Necr           ########     0%          5    None
 Lee's Rapid Deconstruct  Erth           ########..   0%          5    None
 Death Channel            Necr           ########..   0%          6    None
 Call Canine Familiar     Summ           #######.     1%          3    None
 Confuse                  Hex            #####...     1%          3    None
 Conjure Flame            Conj/Fire      #####...     1%          3    None
 Dazzling Spray           Conj/Hex       #####.       1%          3    None
 Gell's Gravitas          Tloc           ######....   1%          3    None
 Ignite Poison            Fire/Tmut/Pois ######..     1%          3    None
 Inner Flame              Hex/Fire       #####...     1%          3    None
 Mephitic Cloud           Conj/Pois/Air  ######..     1%          3    None
 Ozocubu's Armour         Chrm/Ice       ######..     1%          3    None
 Portal Projectile        Hex/Tloc       ######       1%          3    None
 Recall                   Summ/Tloc      N/A          1%          3    None
 Spectral Weapon          Hex/Chrm       ######..     1%          3    None
 Spider Form              Tmut/Pois      ######....   1%          3    None
 Static Discharge         Conj/Air       ######..     1%          3    None
 Summon Guardian Golem    Hex/Summ       ######..     1%          3    None
 Teleport Other           Tloc           ######..     1%          3    None
 Tukima's Dance           Hex            #####...     1%          3    None
 Airstrike                Air            ######....   1%          4    None
 Force Lance              Conj/Tloc      ######..     1%          4    None
 Ice Form                 Ice/Tmut       ######..     1%          4    None
 Leda's Liquefaction      Hex/Erth       #######...   1%          4    None
 Summon Ice Beast         Ice/Summ       ######..     1%          4    None
 Alistair's Intoxication  Tmut/Pois      ######..     1%          5    None
 Blade Hands              Tmut           #######...   1%          5    None
 Bolt of Draining         Conj/Necr      #######...   1%          5    None
 Bolt of Magma            Conj/Fire/Erth ######....   1%          5    None
 Excruciating Wounds      Chrm/Necr      #######...   1%          5    None
 Irradiate                Conj/Tmut      ######....   1%          5    None
 Iskenderun's Battlesphe  Conj/Chrm      ######..     1%          5    None
 Lightning Bolt           Conj/Air       ######....   1%          5    None
 Summon Demon             Summ           #######...   1%          5    None
 Summon Forest            Summ/Tloc      ######....   1%          5    None
 Summon Mana Viper        Hex/Summ       ######..     1%          5    None
 Yara's Violent Unravell  Hex/Tmut       ######....   1%          5    None
 Hydra Form               Tmut           #######...   1%          6    None
 Iron Shot                Conj/Erth      #######...   1%          6    None
 Shadow Creatures         Summ           N/A          1%          6    None
 Simulacrum               Ice/Necr       #######...   1%          6    None
 Haunt                    Necr/Summ      #######...   1%          7    None
 Cause Fear               Hex            #####.....   2%          4    None
 Fulminant Prism          Conj/Hex       #####.....   2%          4    None
 Iskenderun's Mystic Bla  Conj           #####...     2%          4    None
 Olgreb's Toxic Radiance  Pois           #####...     2%          4    None
 Throw Icicle             Conj/Ice       #####...     2%          4    None
 Dispersal                Tloc           ######....   3%          6    None
 Dragon Form              Tmut           #######...   3%          7    None
 Necromutation            Tmut/Necr      #######...   6%          8    None
 Fireball                 Conj/Fire      #####.....   8%          5    None
 Metabolic Englaciation   Hex/Ice        #####.....   8%          5    None
 Venom Bolt               Conj/Pois      #####.....   8%          5    None
 Summon Hydra             Summ           #######...   9%          7    None
 Death's Door             Chrm/Necr      #######...   9%          8    None
 Conjure Ball Lightning   Conj/Air       ######....   11%         6    None
 Freezing Cloud           Conj/Ice/Air   ######....   17%         6    None
 Bolt of Cold             Conj/Ice       #####.....   43%         6    None
 Bolt of Fire             Conj/Fire      #####.....   43%         6    None
 Invisibility             Hex            #####...     43%         6    None
 Ozocubu's Refrigeration  Ice            #####.....   43%         6    None
 Ring of Flames           Chrm/Fire      ######....   45%         7    None
 Spellforged Servitor     Conj/Summ      ######....   45%         7    None
 Disjunction              Tloc           ######....   87%         8    None
 Orb of Destruction       Conj           #####.....   95%         7    None
 Ignition                 Fire           #####.....   100%        8    None
 Dragon's Call            Summ           #######...   100%        9    None
 Tornado                  Air            ######....   100%        9    None


Dungeon Overview and Level Annotations

Branches:
Dungeon (15/15)            Temple (0/1) D:5            Lair (6/6) D:11
  Swamp (4/4) Lair:4       Spider (4/4) Lair:4        Slime (5/5) Lair:6
    Orc (2/2) D:11            Elf (3/3) Orc:2        Vaults (5/5) D:14
  Crypt (3/3) Vaults:3       Tomb (3/3) Crypt:3      Depths (5/5) D:15
   Hell (1/1)                 Dis (7/7) Hell            Geh (7/7) Hell
    Coc (7/7) Hell            Tar (7/7) Hell            Zot (5/5) Depths:5

Altars:
Ashenzari
Cheibriados
Dithmenos
Gozag
Hepliaklqana
Kikubaaqudgha
Nemelex Xobeh
Sif Muna
Wu Jian
Xom
Yredelemnul
Zin
The Shining One
Jiyva

Shops:
D:7 }   Orc:2 :*[(   Elf:1 =   Elf:2 }   Elf:3 *   Vaults:2 =   Depths:4 }}=
Depths:5 (

Portals:
Hell: Depths:1 Depths:2 Depths:3 Depths:4 Depths:5
Abyss: Depths:4 Depths:5
Pandemonium: Depths:3

Annotations:
Elf:2 5 runed translucent doors
Crypt:1 2 transporters
Tomb:2 Frederick, Khufu


Innate Abilities, Weirdness & Mutations

You have razor-sharp teeth.
You heal very quickly.
When hurt, damage is shared between your health and your magic reserves.
Your bite disrupts and absorbs the magic of your enemies.
Potions cannot restore your health.
You are immune to rotting.
You have a pair of small horns on your head.
You can translocate small distances at will.
Armour fits poorly on your strangely shaped body.
Your magical capacity is low. (-10% MP)
You passively map a small area around you.
You are resistant to electric shocks. (rElec)
Your spells are a little easier to cast, but a little less powerful.


Message History

You bite the efreet!
You kill the efreet!
Cheibriados appreciates the change of pace.
An Orb Guardian comes into view.
You pulverise the Orb Guardian!!!!
You kill the Orb Guardian!
Cheibriados thoroughly appreciates the change of pace.
Unknown command.
Casting: Lesser Beckoning (safe; 1% risk of failure)
Confirm with . or Enter, or press ? or * to list all spells.
You can't see any susceptible monsters within range! (Use Z to cast anyway.)
(D) Dungeon (T) Temple (L) Lair (S) Swamp (N) Spider Nest (M) Slime Pits (O) Orcish Mines (E) Elven Halls (V) Vaults (C) Crypt (W) Tomb (U) Depths (H) Hell (I) Dis (G) Gehenna (X) Cocytus (Y) Tartarus (Z) Zot
Where to? (Enter - D:1 @ (x,y), ? - help)
There is a stone staircase leading up here.
You climb upwards.
There is a stone staircase leading down here.
HP restored.
Magic restored.
An Orb Guardian comes into view.
You block the Orb Guardian's attack.
Casting: Lesser Beckoning (safe; 1% risk of failure)
Confirm with . or Enter, or press ? or * to list all spells.
Aiming: Lesser Beckoning (safe; 1% risk of failure)
Press: ? - help, Shift-Dir - straight line, f - you That would be overly suicidal.
Okay, then.
You miss the Orb Guardian. Your headbutt misses the Orb Guardian.
You bite the Orb Guardian! You drain its power.
The Orb Guardian is lightly wounded.
You block the Orb Guardian's attack.
You pummel the Orb Guardian like a punching bag!!!!
You kill the Orb Guardian!
Cheibriados thoroughly appreciates the change of pace.
No target in view!
(D) Dungeon (T) Temple (L) Lair (S) Swamp (N) Spider Nest (M) Slime Pits (O) Orcish Mines (E) Elven Halls (V) Vaults (C) Crypt (W) Tomb (U) Depths (H) Hell (I) Dis (G) Gehenna (X) Cocytus (Y) Tartarus (Z) Zot
Where to? (Enter - D:1 @ (x,y), ? - help)
Your transformation is almost over.
Unknown command.
(D) Dungeon (T) Temple (L) Lair (S) Swamp (N) Spider Nest (M) Slime Pits (O) Orcish Mines (E) Elven Halls (V) Vaults (C) Crypt (W) Tomb (U) Depths (H) Hell (I) Dis (G) Gehenna (X) Cocytus (Y) Tartarus (Z) Zot
Where to? (Enter - D:1 @ (x,y), ? - help)
You revert to your normal fleshy form.
Your +2 pair of boots unmelds from your body.
Your +4 troll leather armour unmelds from your body.
There is a stone staircase leading up here.
You climb upwards.
There is a stone staircase leading down here.
A ynoxinul comes into view.
Casting: Lesser Beckoning (safe; 1% risk of failure)
Confirm with . or Enter, or press ? or * to list all spells.
You turn into a living statue of rough stone.
Your +2 pair of boots melds into your body.
Your +4 troll leather armour melds into your body.
The ynoxinul gestures.
You block the ufetubus's attack. The ufetubus misses you.
The ynoxinul gestures.
The ufetubus closely misses you. You block the ufetubus's attack.
Casting: Statue Form (safe; 1% risk of failure)
Confirm with . or Enter, or press ? or * to list all spells.
You begin to abjure the creatures around you!
The ufetubus disappears in a puff of smoke! x5
The ynoxinul gestures.
The ufetubus disappears in a puff of smoke! x3
The ynoxinul gestures.
You block the ynoxinul's attack.
You pulverise the ynoxinul!!!!!
You kill the ynoxinul!
Cheibriados thoroughly appreciates the change of pace.
The ufetubus disappears in a puff of smoke! x4
(D) Dungeon (T) Temple (L) Lair (S) Swamp (N) Spider Nest (M) Slime Pits (O) Orcish Mines (E) Elven Halls (V) Vaults (C) Crypt (W) Tomb (U) Depths (H) Hell (I) Dis (G) Gehenna (X) Cocytus (Y) Tartarus (Z) Zot
Where to? (Enter - D:1 @ (x,y), ? - help)
Your aura of abjuration expires.
There is a stone staircase leading up here.
You climb upwards.
Magic restored.
There is a stone staircase leading down here.
Your transformation is almost over.
You enter the shallow water.
Moving in this stuff is going to be slow.
You revert to your normal fleshy form.
Your +2 pair of boots unmelds from your body.
Your +4 troll leather armour unmelds from your body.
There is a staircase leading out of the dungeon here.
You can't go down here!
Unknown command.
You have escaped!

### ##@# ### #####
##..#
#.####.##≈###...##
#......##≈≈≈#....#
#...##.##≈≈≈≈≈≈..#####
####....####≈≈≈≈≈≈≈≈≈≈#
.....#..# ##..≈≈≈≈≈≈≈≈#
#.......# #.......##≈≈#
#.......# ##........#
##


There were no monsters in sight!

Vanquished Creatures
  Cerebov (Pan)
  Asmodeus (Geh:7)
  Antaeus (Coc:7)
  the Royal Jelly (Slime:5)
  Ereshkigal (Tar:7)
  Gloorx Vloq (Pan)
  the Serpent of Hell (Coc:7)
  Lom Lobon (Pan)
  8 orbs of fire
  Mara (Elf:3)
  4 ancient liches
  28 greater mummies
  7 shard shrikes
  4 Killer Klowns (Zot:5)
  the Lernaean hydra (Swamp:4)
  Bai Suzhen (Crypt:2)
  Geryon (Hell)
  Margery (Depths:5)
  3 curse toes (Zot:5)
  Saint Roka (Depths:4)
  11 pandemonium lords
  14 golden dragons
  Arachne (Spider:2)
  5 doom hounds
  10 bone dragons
  12 liches
  2 electric golems (Zot:5)
  5 iron giants
  11 Brimstone Fiends
  Rupert (D:15)
  The ghost of yrara the Bludgeoner, an adept DsFi of Gozag (Vaults:3)
  11 Tzitzimimeh
  17 tentacled monstrosities
  28 Orb Guardians
  17 Ice Fiends
  7 quicksilver dragons
  2 deep elf master archers
  10 titans
  17 Hell Sentinels
  2 deep elf blademasters (Elf:3)
  20 acid blobs
  19 Executioners
  7 tentacled starspawn
  6 death cobs
  5 eldritch tentacles
  27 ancient champions
  4 tengu reavers
  Frances (D:14)
  Gastronok (Lair:3)
  15 sphinxes
  8 shadow dragons
  A thorn hunter (Swamp:2)
  Kirke (D:13)
  13 storm dragons
  Donald (Swamp:3)
  9 draconian monks
  6 revenants
  3 draconian knights (Zot:1)
  Roxanne (Spider:3)
  8 frost giants
  6 deep elf sorcerers
  5 azure jellies
  A ghost moth (shapeshifter) (Zig:7)
  18 cacodemons
  11 ghost moths
  14 fire giants
  3 draconian scorchers
  13 vault wardens
  7 emperor scorpions
  Louise (Swamp:4)
  5 corrupters (Pan)
  A juggernaut zombie (Zig:12)
  29 balrugs
  5 iron dragons
  2 orc warlords
  A caustic shrike zombie (Hell)
  4 curse skulls
  14 draconian annihilators
  A draconian stormcaller (Zig:6)
  6 warmongers (Pan)
  A juggernaut skeleton (Depths:3)
  5 deep elf elementalists
  33 reapers
  10 war gargoyles
  9 ghouls
  3 black suns (Pan)
  5 draconian shifters
  25 very ugly things
  7 blood saints (Pan)
  2 elemental wellsprings (Coc:7)
  9 bennus
  21 stone giants
  17 vampire knights
  20 ironheart preservers
  Azrael (D:14)
  17 green draconians
  22 black draconians
  7 purple draconians
  11 lorocyprocas
  A minotaur (Gauntlet)
  3 entropy weavers
  9 deep elf demonologists
  22 spark wasps
  13 yellow draconians
  9 deep elf annihilators
  12 white draconians
  19 red draconians
  15 ettins
  6 eidola
  Josephine (Lair:4)
  8 green deaths
  15 blizzard demons
  7 jiangshi (Crypt:3)
  4 death oozes
  9 deep elf death magi
  16 mummy priests
  A kraken zombie (Coc:1)
  7 rakshasas
  7 quicksilver dragon zombies
  12 great orbs of eyes
  6 fire dragons
  7 deep elf high priests
  12 yaktaur captains
  3 shambling mangroves
  A hydra (shapeshifter) (Vaults:5)
  32 vault guards
  19 ice dragons
  2 quicksilver dragon skeletons
  Harold (Orc:1)
  3 ghost crabs
  17 hydras
  5 monstrous demonspawn (Pan)
  A naga warrior (Abyss:3)
  A merfolk avatar (Abyss:4)
  3 hell beasts (Pan)
  5 death knights
  An anaconda (Abyss:3)
  A two-headed ogre (shapeshifter) (Depths:5)
  5 spriggan air magi
  10 dancing weapons
  13 alligators
  7 centaur warriors
  16 ogre magi
  10 death yaks
  2 tengu warriors
  7 titan zombies
  41 two-headed ogres
  49 death scarabs
  13 vampire magi
  11 deep troll shamans
  10 spriggan berserkers
  15 hell hogs
  49 sun demons
  2 wretched stars
  2 iron golems
  9 small abominations
  10 deep troll earth magi
  2 thrashing horrors
  18 soul eaters
  3 orc high priests (Orc:2)
  5 titan skeletons
  36 hell knights
  18 deep elf knights
  A shock serpent (Pan)
  14 shadow wraiths
  97 skeletal warriors
  6 storm dragon zombies
  2 storm dragon skeletons
  6 golden dragon zombies
  3 death drakes (Depths:5)
  2 spark wasp zombies
  A ghost moth zombie (Geh:7)
  A spriggan druid (Swamp:4)
  24 sixfirhies
  13 shadow demons
  45 deep trolls
  10 swamp dragons
  20 deep elf archers
  4 glowing orange brains
  7 infernal demonspawn (Pan)
  8 wizards
  4 iron trolls
  An entropy weaver zombie (Crypt:3)
  A death drake (shapeshifter) (Vaults:2)
  8 gelid demonspawn (Pan)
  5 lindwurms
  13 flayed ghosts
  4 anaconda skeletons
  6 unseen horrors
  An orange crystal statue (Depths:2)
  6 anaconda zombies
  An iron giant skeleton (Crypt:3)
  3 sphinx zombies
  2 shadow dragon zombies
  10 torturous demonspawn
  18 phantasmal warriors
  3 golden dragon skeletons
  22 ironbrand convokers
  19 orc knights
  10 harpies
  An obsidian statue (Zot:5)
  12 orb spiders
  6 fire giant zombies
  17 necromancers
  4 cyclopes
  A manticore (D:13)
  4 frost giant zombies
  4 iron dragon zombies
  6 wolf spider zombies
  3 shining eyes
  35 ugly things
  4 tengu skeletons
  56 deep elf magi
  4 stone giant zombies
  31 wolf spiders
  A salamander (Abyss:3)
  8 orc sorcerers
  4 shadow dragon skeletons
  A salamander (shapeshifter) (Depths:4)
  2 mana vipers
  4 iron dragon skeletons
  A worldbinder (Abyss:4)
  A sphinx skeleton (Depths:3)
  A guardian serpent (shapeshifter) (Vaults:2)
  A guardian serpent (Abyss:3)
  2 dire elephant zombies
  A cyclops (shapeshifter) (Depths:1)
  6 black mambas
  26 moths of wrath
  A frost giant skeleton (Coc:1)
  5 ice statues
  5 stone giant skeletons
  22 smoke demons
  9 molten gargoyles
  2 shock serpent zombies
  2 fire giant skeletons
  Maurice (D:8)
  A torpor snail (Zig:5)
  A storm dragon simulacrum (Crypt:3)
  25 rust devils
  A naga mage (Tomb:2)
  18 vault sentinels
  3 elf zombies
  15 orange demons (Pan)
  An elephant slug zombie (Crypt:1)
  3 eyes of devastation
  A swamp worm zombie (Crypt:1)
  32 spiny frogs
  4 spriggan zombies
  7 komodo dragons
  16 hellions
  2 dire elephant skeletons
  28 freezing wraiths
  A kobold demonologist (D:13)
  37 yaktaurs
  An iron troll zombie (Crypt:2)
  An emperor scorpion zombie (Dis:5)
  24 demonic crawlers
  13 hellwings
  A golden dragon simulacrum (Tomb:1)
  A spark wasp simulacrum (Depths:1)
  2 efreet
  A komodo dragon (shapeshifter) (Vaults:1)
  6 tengu conjurers
  3 rime drakes (Lair:4)
  19 tormentors
  2 harpy zombies
  15 red devils
  3 ancient zymes
  20 ice devils
  25 guardian mummies
  6 trolls
  2 queen bees
  A polar bear (Lair:6)
  29 jumping spiders
  A polar bear (shapeshifter) (Vaults:5)
  A yaktaur skeleton (Vaults:5)
  3 wind drakes
  A queen bee (shapeshifter) (Depths:4)
  15 tyrant leeches
  A shadow dragon simulacrum (Vaults:5)
  13 hydra zombies
  2 meliai (shapeshifter)
  15 hornets
  10 bog bodies
  A jumping spider (shapeshifter) (D:15)
  A wind drake (shapeshifter) (Depths:1)
  49 slime creatures
  7 hydra skeletons
  5 fire dragon zombies
  A deep troll zombie (Hell)
  11 raiju
  24 blink frogs
  A fire giant simulacrum (Crypt:1)
  14 hippogriffs
  A blink frog (shapeshifter) (Vaults:4)
  3 alligator zombies
  5 ettin zombies
  3 fire dragon skeletons
  3 ice dragon zombies
  13 starcursed masses
  A stone giant simulacrum (Crypt:3)
  2 black mamba zombies
  5 spriggans
  16 ynoxinuls
  5 ice dragon skeletons
  104 flying skulls
  85 redbacks
  A spriggan (shapeshifter) (Elf:3)
  15 shadows
  5 vampires
  13 water elementals
  4 air elementals
  5 wyverns
  44 yaks
  17 fire elementals
  A spriggan skeleton (Depths:1)
  19 ushabtiu
  A hog (shapeshifter) (Vaults:1)
  25 wraiths
  2 black mamba skeletons
  3 ettin skeletons
  20 tarantellas
  A human (shapeshifter) (Vaults:1)
  6 hungry ghosts
  2 basilisks
  A basilisk (shapeshifter) (Vaults:2)
  2 golden eyes (Slime:1)
  2 elf skeletons
  A steam dragon (Zig:3)
  3 hogs (D:13)
  2 wargs
  A catoblepas simulacrum (Crypt:2)
  9 chaos spawn
  13 neqoxecs
  34 vampire mosquitoes
  Edmund (D:5)
  A two-headed ogre zombie (Crypt:3)
  21 insubstantial wisps
  28 large abominations
  4 nagas
  A soldier ant (D:11)
  2 spiny frog zombies
  14 swamp worms
  13 water moccasins
  4 acid dragons
  A hydra simulacrum (Coc:7)
  37 hell hounds
  A two-headed ogre skeleton (Crypt:2)
  A merfolk skeleton (Coc:1)
  5 porcupines
  A floating eye (Depths:5)
  A faun skeleton (Crypt:2)
  3 human skeletons
  57 orc warriors
  3 spiny frog skeletons
  A black bear (D:11)
  18 swamp drakes
  13 ice beasts
  2 sky beasts
  A hornet zombie (D:14)
  4 eyes of draining
  43 ogres
  3 swamp dragon zombies
  14 necrophages
  6 phantoms
  8 boggarts
  8 wolves
  7 snapping turtle skeletons
  2 snapping turtle zombies
  33 centaurs
  12 crocodiles
  2 big kobolds
  30 bullfrogs
  A wyvern zombie (D:8)
  2 spiny frog simulacra (Hell)
  An earth elemental (Elf:2)
  A water moccasin zombie (Crypt:1)
  3 scorpions
  2 wyvern skeletons
  51 killer bees
  A shapeshifter zombie (Crypt:1)
  A yak skeleton (Crypt:2)
  24 wights
  6 electric eels
  6 howler monkeys
  10 crimson imps
  3 centaur zombies
  2 quasits
  A bullfrog zombie (D:9)
  42 orc priests
  8 hounds
  9 jellies
  6 centaur skeletons
  12 iron imps
  31 orc wizards
  4 bullfrog skeletons
  5 iguanas
  12 worker ants
  Ijyb (D:5)
  2 porcupine zombies
  8 hell rats
  A killer bee zombie (D:5)
  A crocodile zombie (Crypt:1)
  A naga zombie (Tar:5)
  A big kobold zombie (Crypt:2)
  A dwarf skeleton (Crypt:1)
  A big kobold skeleton (Crypt:3)
  An ogre skeleton (Abyss:3)
  A hound skeleton (D:5)
  49 mummies
  A worker ant zombie (D:10)
  6 gnolls (D:6)
  A howler monkey skeleton (D:11)
  2 tengu simulacra
  18 adders
  4 shadow imps
  9 white imps
  An ooze (D:5)
  2 adder skeletons
  4 worms
  A barachi zombie (Crypt:2)
  A dart slug (D:4)
  7 leopard geckos
  121 orcs
  2 ball pythons (D:1)
  4 giant cockroaches
  7 goblins
  9 hobgoblins
  11 jackals
  31 kobolds
  4 quokkas
  6 bats
  14 frilled lizards
  A jackal skeleton (D:4)
  A jackal zombie (D:5)
  A kobold simulacrum (Crypt:3)
  A leopard gecko skeleton (Crypt:2)
  A quokka skeleton (D:5)
  3 rats
  A rat skeleton (Crypt:3)
  3 briar patches (Swamp:2)
  A butterfly (Lair:3)
  13 crawling corpses
  A fungus (Lair:5)
  2 plants
  11 starspawn tentacles
  3 tentacles
4226 creatures vanquished.

Vanquished Creatures (collateral kills)
  Mnoleg (Pan)
  5 greater mummies
  A shard shrike (Coc:7)
  2 bone dragons
  4 Brimstone Fiends
  A hellephant (Hell)
  4 Tzitzimimeh
  A lich (Geh:2)
  3 Ice Fiends
  2 quicksilver dragons (Dis:7)
  An acid blob (Slime:5)
  An Executioner (Pan)
  An ancient champion (Dis:5)
  A warmonger (Pan)
  2 deep elf sorcerers
  2 revenants
  4 corrupters (Pan)
  2 iron dragons (Dis:7)
  4 balrugs
  11 cacodemons
  2 war gargoyles (Hell)
  An elemental wellspring (Coc:7)
  A draconian stormcaller (Zot:2)
  10 reapers
  A bennu (Tomb:3)
  2 black suns (Pan)
  A lorocyproca (Pan)
  A purple draconian (Zot:2)
  3 blizzard demons
  4 mummy priests
  2 quicksilver dragon zombies (Tar:5)
  3 green deaths (Pan)
  A monstrous demonspawn (Pan)
  A kraken zombie (Coc:7)
  2 quicksilver dragon skeletons (Geh:2)
  5 vault guards (D:14)
  A shambling mangrove (Swamp:2)
  2 juggernaut simulacra (Pan)
  20 death scarabs
  2 shock serpents (Pan)
  3 iron golems
  5 hell hogs
  4 death yaks
  3 soul eaters (Pan)
  A thrashing horror (Abyss:4)
  16 sun demons
  A titan skeleton (Tar:3)
  3 sixfirhies (Pan)
  9 large abominations
  13 hell knights
  2 storm dragon skeletons
  A spatial maelstrom (Abyss:3)
  2 infernal demonspawn (Pan)
  A storm dragon zombie (Geh:3)
  2 anaconda zombies (Coc:3)
  23 skeletal warriors
  2 shadow wraiths (Tar:7)
  2 unseen horrors
  2 torturous demonspawn (Pan)
  3 wizards
  4 shadow demons
  A glowing orange brain (Abyss:4)
  2 flayed ghosts
  4 swamp dragons
  2 gelid demonspawn (Pan)
  2 shadow dragon zombies
  2 lindwurms (Lair:6)
  An anaconda skeleton (Coc:5)
  3 necromancers (Geh:3)
  An oklob plant (Gauntlet)
  3 orb spiders (Spider:4)
  A deep elf mage (Vaults:3)
  3 fire giant zombies
  3 shining eyes
  4 stone giant zombies
  3 frost giant skeletons
  An iron dragon skeleton (Coc:7)
  A shadow dragon skeleton (Tar:5)
  A shock serpent zombie (Tar:6)
  A fire giant skeleton (Geh:6)
  A dire elephant zombie (Coc:7)
  15 rust devils
  A vault sentinel (Vaults:3)
  2 molten gargoyles (Geh:7)
  14 smoke demons
  11 orange demons
  4 catoblepas zombies
  A yaktaur zombie (Hell)
  A shock serpent skeleton (Coc:3)
  An efreet (Pan)
  2 demonic crawlers (Pan)
  A dire elephant skeleton (Tar:6)
  An emperor scorpion zombie (Dis:7)
  2 ancient zymes (Abyss:3)
  6 hellions
  3 tormentors
  6 hellwings
  2 freezing wraiths (Coc:7)
  9 ice devils
  An anaconda simulacrum (Coc:5)
  14 guardian mummies
  3 hydra zombies
  25 red devils
  A troll (D:11)
  A harpy zombie (Tar:3)
  A raiju (Abyss:4)
  A silent spectre (Tar:5)
  3 bog bodies
  An ice dragon zombie (Hell)
  A hydra skeleton (Coc:5)
  4 blink frogs
  An ettin zombie (Tar:6)
  An alligator zombie (Coc:7)
  4 slime creatures
  An iron dragon simulacrum (Coc:5)
  A fire dragon zombie (Geh:3)
  2 fire dragon skeletons
  32 flying skulls
  7 shadows
  An ettin skeleton (Tar:4)
  A spriggan (Swamp:1)
  4 ushabtiu (Tomb:3)
  An ice dragon skeleton (Coc:7)
  3 wraiths
  A yak (D:11)
  3 ynoxinuls (Pan)
  4 fire elementals
  A golden eye (Abyss:4)
  A hungry ghost (Tar:5)
  10 neqoxecs
  3 chaos spawn (Pan)
  A human zombie (Hell)
  3 insubstantial wisps (Abyss:3)
  A spiny frog zombie (Coc:7)
  21 hell hounds
  2 orc warriors
  2 ice beasts (Coc:3)
  A swamp drake (Swamp:4)
  An ettin simulacrum (Tar:3)
  2 phantoms (Tar:5)
  2 eyes of draining
  2 ogres
  A manticore zombie (Geh:3)
  6 necrophages
  2 snapping turtle skeletons
  A manticore skeleton (Coc:7)
  A swamp dragon skeleton (Tar:3)
  5 small abominations (Abyss:4)
  A bullfrog (Lair:6)
  An elf skeleton (Geh:6)
  A killer bee (D:11)
  16 wights
  5 crimson imps
  A hound (D:7)
  An orc priest (D:4)
  3 iron imps
  A human skeleton (Geh:7)
  An iguana (D:6)
  7 hell rats (Hell)
  17 mummies
  A gnoll (D:6)
  An adder (D:2)
  A shadow imp (Tar:3)
  3 white imps
  2 orcs
  A kobold zombie (Coc:7)
  A quokka zombie (D:7)
  A crawling corpse (Elf:3)
  A plant (Lair:5)
  A starspawn tentacle (Abyss:3)
  A tentacle (Coc:7)
603 creatures vanquished.

Vanquished Creatures (others)
  Nikola (Vaults:2)
  2 deep elf master archers
  2 eldritch tentacles
  An emperor scorpion (Spider:4)
  A deep elf sorcerer (Vaults:5)
  An entropy weaver (Zig:5)
  2 draconian annihilators (Pan)
  2 yaktaur captains
  A rakshasa (Vaults:3)
  A centaur warrior (Depths:2)
  A sixfirhy (Pan)
  2 deep elf knights
  6 deep elf archers
  A swamp dragon (Swamp:4)
  A harpy (Vaults:1)
  A necromancer (Geh:6)
  3 deep elf magi
  7 yaktaurs
  A red devil (Abyss:4)
  2 hellwings (Pan)
  An ice devil (Dis:3)
  A tyrant leech (Swamp:2)
  A slime creature (Swamp:4)
  A wraith (Geh:1)
  A water elemental (Zig:9)
  A swamp drake (Swamp:4)
  A sky beast (D:12)
  2 centaurs (Depths:2)
  A boggart (Depths:4)
  A wight (Geh:3)
  A hell rat (Hell)
  An orc wizard (Vaults:4)
  A white imp (Zig:11)
  A crawling corpse (Elf:3)
  3 fire vortices (Pan)
  8 fungi
  22 plants
  17 starspawn tentacles
  9 tentacles
113 creatures vanquished.

Grand Total: 4942 creatures vanquished

Notes
Turn   | Place    | Note
-------+----------+-------------------------------------------
     0 | D:1      | EnegeticOcto the Vine Stalker Transmuter began the quest
                  | for the Orb.
     0 | D:1      | Reached XP level 1. HP: 9/9 MP: 4/4
   117 | D:1      | Reached skill level 1 in Fighting
   213 | D:1      | Reached XP level 2. HP: 14/14 MP: 6/6
   219 | D:1      | Learned a level 2 spell: Sticks to Snakes
   697 | D:1      | Reached XP level 3. HP: 17/18 MP: 7/7
   753 | D:1      | Learned a level 3 spell: Spider Form
  1215 | D:2      | Noticed an ogre
  1240 | D:2      | Killed an ogre
  1240 | D:2      | Reached skill level 2 in Fighting
  1240 | D:2      | Reached skill level 1 in Shields
  1240 | D:2      | Gained mutation: Your natural rate of healing is unusually
                  | fast. [Vine Stalker growth]
  1240 | D:2      | Reached XP level 4. HP: 23/23 MP: 2/8
  1463 | D:2      | Reached XP level 5. HP: 23/26 MP: 9/9
  1581 | D:2      | Found a sparkling altar of Nemelex Xobeh.
  2151 | D:2      | Found a snail-covered altar of Cheibriados.
  2171 | D:2      | Became a worshipper of Cheibriados the Contemplative
  2687 | D:3      | Reached XP level 6. HP: 24/32 MP: 8/10
  2786 | D:3      | Reached * piety under Cheibriados
  3150 | D:3      | Found a hazy altar of Hepliaklqana.
  3238 | D:4      | Reached skill level 3 in Fighting
  3410 | D:4      | Reached XP level 7. HP: 20/36 MP: 5/11
  3814 | D:4      | Found an opulent altar of Gozag.
  3831 | D:4      | Found a deep blue altar of Sif Muna.
  3831 | D:4      | Found a glowing silver altar of Zin.
  3945 | D:5      | Entered Level 5 of the Dungeon
  4005 | D:5      | Reached ** piety under Cheibriados
  4010 | D:5      | Noticed Ijyb
  4022 | D:5      | Found a shattered altar of Ashenzari.
  4040 | D:5      | Killed Ijyb
  4108 | D:5      | Reached skill level 5 in Unarmed Combat
  4148 | D:5      | Learned a level 2 spell: Shroud of Golubria
  4159 | D:5      | Learned a level 2 spell: Song of Slaying
  4218 | D:5      | Found a staircase to the Ecumenical Temple.
  4386 | D:5      | Noticed Edmund
  4695 | D:5      | Killed Edmund
  4695 | D:5      | Reached skill level 4 in Fighting
  4695 | D:5      | Gained mutation: You have razor-sharp teeth. [Vine Stalker
                  | growth]
  4695 | D:5      | Reached XP level 8. HP: 23/42 MP: 4/12
  4767 | D:5      | Found an ornate altar of the Wu Jian Council.
  5129 | D:6      | Reached skill level 5 in Transmutations
  5288 | D:6      | Reached *** piety under Cheibriados
  5468 | D:6      | Reached skill level 5 in Fighting
  5491 | D:6      | Found a basalt altar of Yredelemnul.
  5578 | D:6      | Reached XP level 9. HP: 47/47 MP: 9/13
  5958 | D:7      | Reached **** piety under Cheibriados
  6123 | D:8      | Reached skill level 1 in Evocations
  6295 | D:7      | Reached skill level 6 in Fighting
  6546 | D:7      | Found Nux Quf's Gadget Boutique.
  6551 | D:7      | Bought a wand of iceblast (4) for 104 gold pieces
  6551 | D:7      | Bought a wand of paralysis (8) for 130 gold pieces
  6701 | D:8      | Noticed Maurice
  6720 | D:8      | Reached skill level 1 in Invocations
  6734 | D:8      | Killed Maurice
  6734 | D:8      | Reached XP level 10. HP: 34/53 MP: 6/15
  7063 | D:9      | Identified a scroll of acquirement
  7072 | D:8      | Got a pair of brightly glowing gloves
  7078 | D:8      | Identified the +0 pair of gloves of the Ant {Slay+2} (You
                  | acquired it on level 8 of the Dungeon)
  7157 | D:9      | Got a steaming leather armour
  7168 | D:9      | Identified the cursed +0 leather armour of the Little Devil
                  | {rElec rPois} (You found it on level 9 of the Dungeon)
  7505 | D:9      | Reached ***** piety under Cheibriados
  7652 | D:9      | Found a shimmering altar of Xom.
  7894 | D:10     | Entered Level 10 of the Dungeon
  8029 | D:10     | You fall through a shaft!
  8036 | D:11     | Reached skill level 7 in Fighting
  8199 | D:11     | Learned a level 4 spell: Summon Lightning Spire
  8287 | D:11     | Noticed a brown ugly thing
  8296 | D:11     | Killed a brown ugly thing
  8296 | D:11     | Reached XP level 11. HP: 42/58 MP: 6/19
  8443 | D:10     | Reached skill level 5 in Spellcasting
  8454 | D:10     | Reached skill level 1 in Summonings
  8454 | D:10     | Reached skill level 1 in Air Magic
  8969 | D:11     | Found a staircase to the Orcish Mines.
  9256 | D:11     | Noticed a five-headed hydra
  9381 | D:11     | Killed a five-headed hydra
  9381 | D:11     | Reached skill level 5 in Invocations
  9560 | D:11     | Found a staircase to the Lair.
  9560 | D:11     | Noticed a death yak
  9567 | D:11     | Killed a death yak
  9570 | D:11     | Noticed a death yak
  9570 | D:11     | Noticed a death yak
  9571 | D:11     | Noticed a death yak
  9575 | D:11     | Noticed a death yak
  9591 | D:11     | Killed a death yak
  9591 | D:11     | Reached skill level 8 in Fighting
  9596 | D:11     | Killed a death yak
  9599 | D:11     | Killed a death yak
  9601 | D:11     | Killed a death yak
  9601 | D:11     | Reached skill level 5 in Dodging
  9601 | D:11     | Gained mutation: You heal very quickly. [Vine Stalker
                  | growth]
  9601 | D:11     | Reached XP level 12. HP: 61/64 MP: 16/22
  9994 | Lair:1   | Entered Level 1 of the Lair of Beasts
 10022 | Lair:1   | Learned a level 3 spell: Regeneration
 10024 | Lair:1   | Learned a level 1 spell: Summon Butterflies
 10027 | Lair:1   | Learned a level 2 spell: Passwall
 11170 | Lair:2   | Reached skill level 1 in Earth Magic
 11377 | Lair:2   | Found an ancient bone altar of Kikubaaqudgha.
 11865 | Lair:3   | Noticed Gastronok
 11873 | Lair:3   | Killed Gastronok
 12229 | Lair:3   | Reached skill level 10 in Unarmed Combat
 12230 | Lair:3   | Reached skill level 5 in Air Magic
 12257 | Lair:3   | Learned a level 5 spell: Lee's Rapid Deconstruction
 12312 | Lair:3   | Reached ****** piety under Cheibriados
 12315 | Lair:3   | Reached skill level 9 in Fighting
 12315 | Lair:3   | Reached XP level 13. HP: 67/70 MP: 24/24
 13055 | Lair:4   | Noticed Josephine
 13074 | Lair:4   | Killed Josephine
 13149 | Lair:4   | Found a frozen archway.
 13171 | IceCv    | Entered an ice cave
 13493 | IceCv    | Got a scintillating lead amulet
 13690 | Lair:4   | Found a hole to the Spider Nest.
 13965 | Lair:4   | Reached skill level 5 in Earth Magic
 14290 | Lair:4   | Found a staircase to the Swamp.
 14448 | Lair:5   | Identified the amulet of Bovox {Harm *Drain rN+ Str+4} (You
                  | found it in an ice cave)
 14806 | Lair:5   | Reached skill level 1 in Necromancy
 14971 | Lair:5   | Reached skill level 10 in Fighting
 14971 | Lair:5   | Reached XP level 14. HP: 45/77 MP: 10/25
 15315 | Lair:6   | Entered Level 6 of the Lair of Beasts
 15334 | Lair:6   | Found a viscous altar of Jiyva.
 15335 | Lair:6   | Found a staircase to the Slime Pits.
 15430 | Lair:6   | Found a gate leading to a gauntlet.
 15455 | Gauntlet | Entered a Gauntlet
 15455 | Gauntlet | Found a transporter.
 15455 | Gauntlet | Found a transporter.
 15463 | Gauntlet | Found a transporter.
 15467 | Gauntlet | Found a transporter.
 15475 | Gauntlet | Found a transporter.
 15479 | Gauntlet | Found a transporter.
 15487 | Gauntlet | Found a transporter.
 15502 | Gauntlet | Found a runed translucent gate.
 15503 | Gauntlet | Found a transporter.
 15503 | Gauntlet | Found a runed translucent gate.
 15504 | Gauntlet | Found a runed translucent gate.
 15517 | Gauntlet | Found a transporter.
 15521 | Gauntlet | Found a transporter.
 15529 | Gauntlet | Found a transporter.
 15533 | Gauntlet | Found a transporter.
 15945 | Gauntlet | Got a pair of brightly glowing boots
 15952 | Gauntlet | Identified the cursed +0 pair of boots "Dafadgh" {rElec
                  | rPois rC++ Int-5} (You found it in a Gauntlet)
 16494 | Lair:6   | Reached skill level 1 in Charms
 17107 | Orc:1    | Entered Level 1 of the Orcish Mines
 17226 | Orc:1    | Noticed Harold
 17242 | Orc:1    | Killed Harold
 17267 | Orc:1    | Noticed an orc warlord
 17282 | Orc:1    | Killed an orc warlord
 17534 | Orc:2    | Entered Level 2 of the Orcish Mines
 17548 | Orc:2    | Reached XP level 15. HP: 69/81 MP: 26/26
 17618 | Orc:2    | Found a staircase to the Elven Halls.
 17771 | Orc:2    | Noticed an orc warlord
 17792 | Orc:2    | Killed an orc warlord
 17799 | Orc:2    | Reached skill level 5 in Necromancy
 17851 | Orc:2    | Learned a level 2 spell: Blink
 17990 | Orc:2    | Found a dark tunnel.
 18108 | Orc:2    | Found Papnyr's General Store.
 18109 | Orc:2    | Found Pocwathy's Book Emporium.
 18110 | Orc:2    | Found Poext's Antique Armour Shoppe.
 18110 | Orc:2    | Found Kaphiwah's Antique Weapon Shoppe.
 18125 | Orc:2    | Bought a book of Unlife for 910 gold pieces
 18257 | Orc:2    | Bought a translucent helmet for 313 gold pieces
 18269 | Orc:2    | Identified the +2 helmet of Morality {rN+ Str+3} (You
                  | bought it in a shop on level 2 of the Orcish Mines)
 18275 | Orc:2    | Bought a shimmering helmet for 313 gold pieces
 18280 | Orc:2    | Identified the cursed +0 helmet of Dithmenos's Scorn {Str+3
                  | Int+3 Slay-6} (You bought it in a shop on level 2 of the
                  | Orcish Mines)
 18744 | D:12     | Reached skill level 5 in Evocations
 19725 | D:13     | Noticed Kirke
 19737 | D:13     | Killed Kirke
 19737 | D:13     | Reached skill level 11 in Fighting
 19737 | D:13     | Reached skill level 10 in Invocations
 19963 | D:14     | Noticed Frances
 19973 | D:14     | Killed Frances
 20144 | D:14     | Found a portal to a secret trove of treasure.
 20178 | D:14     | Noticed Azrael
 20186 | D:14     | Killed Azrael
 20186 | D:14     | Reached skill level 5 in Shields
 20455 | D:14     | Reached XP level 16. HP: 87/87 MP: 29/29
 20651 | D:14     | Found a gate to the Vaults.
 20837 | D:15     | Entered Level 15 of the Dungeon
 20947 | D:15     | Identified the +1 leather armour of Happy Babbling {+Fly
                  | rC+ Dex-4} (You found it on level 15 of the Dungeon)
 21199 | D:15     | Found a staircase to the Depths.
 21331 | D:15     | Noticed Rupert
 21353 | D:15     | Killed Rupert
 21771 | D:15     | Learned a level 6 spell: Statue Form
 21955 | Swamp:1  | Entered Level 1 of the Swamp
 22228 | Swamp:1  | Reached skill level 5 in Charms
 23206 | Swamp:2  | Reached XP level 17. HP: 78/91 MP: 30/30
 24036 | Swamp:3  | Noticed Donald
 24044 | Swamp:3  | Killed Donald
 24437 | Swamp:4  | Entered Level 4 of the Swamp
 24936 | Swamp:4  | Noticed Louise
 24945 | Swamp:4  | Killed Louise
 25241 | Swamp:4  | Noticed the 27-headed Lernaean hydra
 25244 | Swamp:4  | Killed the 27-headed Lernaean hydra
 25338 | Swamp:4  | Got a decaying rune of Zot
 25643 | Spider:1 | Entered Level 1 of the Spider Nest
 26347 | Spider:2 | Reached XP level 18. HP: 90/98 MP: 32/32
 26386 | Spider:2 | Learned a level 5 spell: Borgnjor's Vile Clutch
 26513 | Spider:2 | Noticed Arachne
 26528 | Spider:2 | Killed Arachne
 26773 | Spider:2 | Identified the Almanac of Battle Magic and Ice
 26995 | Spider:3 | Reached skill level 12 in Fighting
 27514 | Spider:3 | Identified Roxanne's Guide on Transmutation
 27514 | Spider:3 | Noticed Roxanne
 27522 | Spider:3 | Killed Roxanne
 27728 | Spider:4 | Entered Level 4 of the Spider Nest
 27774 | Spider:4 | Reached skill level 10 in Spellcasting
 28081 | Spider:4 | Reached skill level 15 in Unarmed Combat
 28106 | Spider:4 | Reached XP level 19. HP: 102/102 MP: 30/34
 28207 | Spider:4 | Got a gossamer rune of Zot
 28629 | Vaults:1 | Entered Level 1 of the Vaults
 28712 | Vaults:1 | You fall through a shaft!
 28871 | Vaults:2 | Found Estriethri's Jewellery Shop.
 28914 | Vaults:1 | Reached skill level 10 in Shields
 29035 | Vaults:1 | Identified the cursed +2 great sword of Hemul {slice, rElec
                  | MR- Str+3}
 29271 | Vaults:1 | You fall through a shaft!
 30461 | Vaults:2 | Reached skill level 10 in Earth Magic
 30495 | Vaults:2 | Reached skill level 10 in Transmutations
 30685 | Vaults:2 | Noticed Nikola
 30695 | Vaults:2 | Killed Nikola
 31061 | Vaults:3 | Reached XP level 20. HP: 92/108 MP: 36/36
 31402 | Vaults:3 | Found a runed translucent gate.
 31402 | Vaults:3 | Found a runed translucent gate.
 31402 | Vaults:3 | Found a runed translucent gate.
 31433 | Vaults:3 | Noticed yrara's ghost (adept DsFi)
 31605 | Vaults:3 | Reached skill level 13 in Fighting
 31619 | Vaults:3 | Reached skill level 10 in Dodging
 32041 | Vaults:3 | Found a staircase to the Crypt.
 32301 | Vaults:3 | Killed yrara's ghost
 32319 | Vaults:3 | Got a fine cloak
 32320 | Vaults:3 | Identified the +0 cloak of a bailey {rCorr Str-2 Int+4
                  | Dex+6} (You found it on level 3 of the Vaults)
 32797 | D:14     | You paid a toll of 8 potions of haste to enter a treasure
                  | trove
 32798 | Trove    | Entered a treasure trove
 32845 | Trove    | Got a translucent iron amulet
 32847 | Trove    | Identified the amulet of Xom's Fair Game {Regen+ Int+2}
                  | (You found it in a treasure trove)
 32857 | Trove    | Identified the +7 demon blade "Zeaciwn" {drain, *Rage rC+
                  | rN++} (You found it in a treasure trove)
 32860 | Trove    | Identified the +6 rapier "Cegen" {protect, -Tele +Rage
                  | rPois rC+} (You found it in a treasure trove)
 33332 | Vaults:4 | Reached XP level 21. HP: 114/114 MP: 38/38
 34275 | Elf:1    | Entered Level 1 of the Elven Halls
 34286 | Orc:2    | Learned a level 5 spell: Aura of Abjuration
 34290 | Orc:2    | Learned a level 3 spell: Lesser Beckoning
 34292 | Orc:2    | Learned a level 1 spell: Apportation
 34297 | Orc:2    | Learned a level 4 spell: Passage of Golubria
 34546 | Elf:1    | Identified Sif Muna's Incunabulum of the Entourage
 34669 | Elf:1    | Found Siats's Jewellery Emporium.
 35242 | Elf:2    | Reached skill level 14 in Fighting
 35302 | Elf:2    | Found Otiliris's Gadget Shoppe.
 35949 | Elf:2    | Found a huge runed translucent gate.
 35951 | Elf:2    | Found a huge runed translucent gate.
 35954 | Elf:2    | Found a huge runed translucent gate.
 35955 | Elf:2    | Found a huge runed translucent gate.
 35955 | Elf:2    | Found a huge runed translucent gate.
 36099 | Elf:3    | Entered Level 3 of the Elven Halls
 36422 | Elf:3    | Noticed Mara
 36441 | Elf:3    | Noticed EnegeticOcto's illusion
 36445 | Elf:3    | Killed Mara
 36445 | Elf:3    | Reached skill level 1 in Translocations
 36557 | Elf:3    | Found Japlesm's General Store.
 36563 | Elf:3    | Bought a scroll of identify for 30 gold pieces
 36563 | Elf:3    | Bought a potion of agility for 60 gold pieces
 36563 | Elf:3    | Bought a potion of curing for 45 gold pieces
 36786 | Elf:3    | Reached XP level 22. HP: 121/121 MP: 39/39
 36797 | Elf:3    | Reached skill level 5 in Summonings
 36854 | Elf:3    | Identified the +9 falchion of Armageddon {antimagic,
                  | *Corrode rN+ Int+2}
 36854 | Elf:3    | Identified the amulet "Wuxt" {Reflect Slay+3 SH+3 SInv
                  | Stlth-}
 36913 | Elf:3    | Identified the ring of Mahah {rN++ Str+2 Int+5 SInv} (You
                  | found it on level 3 of the Elven Halls)
 37003 | Elf:3    | Identified the ring of Ellameur {*Tele rF+} (You found it
                  | on level 3 of the Elven Halls)
 37009 | Elf:3    | Identified the ring "Tedd" {MP+9 Int+4 Dex+2 Stlth+} (You
                  | found it on level 3 of the Elven Halls)
 37521 | Crypt:1  | Entered Level 1 of the Crypt
 37547 | Crypt:1  | Reached skill level 15 in Shields
 37649 | Crypt:1  | Got a translucent marble ring
 37650 | Crypt:1  | Identified the ring "Pebot" {*Tele rPois rC+} (You found it
                  | on level 1 of the Crypt)
 37988 | Crypt:1  | Found a transporter.
 37990 | Crypt:1  | Found a transporter.
 37991 | Crypt:1  | Found the amulet of the Air {Inacc +Fly rElec EV+5 RMsl}
 38019 | Crypt:1  | Noticed an ancient lich
 38054 | Crypt:1  | Reached skill level 5 in Translocations
 38318 | Crypt:2  | Noticed Bai Suzhen
 38323 | Crypt:2  | Killed Bai Suzhen
 39278 | Crypt:3  | Entered Level 3 of the Crypt
 39333 | Crypt:3  | Reached skill level 15 in Fighting
 39346 | Crypt:3  | Reached XP level 23. HP: 126/126 MP: 40/40
 39813 | Crypt:3  | Found a staircase to the Tomb.
 39903 | Crypt:3  | Identified the Tome of Unholy Arts
 39928 | Crypt:3  | Found an ancient bone altar of Kikubaaqudgha.
 39929 | Crypt:3  | Found a basalt altar of Yredelemnul.
 40000 | Crypt:3  | Identified the Disquisition on Talismans and Conjuration
 40024 | Crypt:3  | Identified the ring of Tesupnullyg {Ice MR- Str+2 Int+6}
                  | (You found it on level 3 of the Crypt)
 40027 | Crypt:3  | Identified the ring of Suspicion {rElec rN+ SInv} (You
                  | found it on level 3 of the Crypt)
 40028 | Crypt:3  | Identified the ring "Sofemm" {rN+ Int+3} (You found it on
                  | level 3 of the Crypt)
 40359 | Vaults:5 | Entered Level 5 of the Vaults
 40491 | Vaults:5 | Reached XP level 24. HP: 133/133 MP: 41/41
 40492 | Vaults:5 | Identified the ring of the Final Decision {rC+ Dex+2}
 40643 | Vaults:5 | Reached skill level 16 in Fighting
 41202 | Vaults:5 | Identified the Reference Book on Augmentations and the
                  | Escort
 41221 | Vaults:5 | Identified the +3 mace of Sulphur {vamp, rElec Int+4}
 41427 | Vaults:5 | Got a pair of distressingly furry gloves
 41428 | Vaults:5 | Identified the +0 pair of gloves "Xyqaryd" {rPois rN++
                  | Str+4} (You acquired it on level 5 of the Vaults)
 41862 | Vaults:5 | Got a silver rune of Zot
 42028 | Vaults:3 | Learned a level 6 spell: Deflect Missiles
 42357 | Slime:1  | Entered Level 1 of the Pits of Slime
 42487 | Slime:3  | Reached XP level 25. HP: 139/139 MP: 42/42
 42558 | Slime:5  | Entered Level 5 of the Pits of Slime
 42629 | Slime:5  | Found a viscous altar of Jiyva.
 42630 | Slime:5  | Noticed the Royal Jelly
 42639 | Slime:5  | Killed the Royal Jelly
 42782 | Slime:5  | Identified the Guide on Venom
 42811 | Slime:5  | Identified the Guide on Enhancements and Contamination
 42832 | Slime:5  | Got a slimy rune of Zot
 42848 | Slime:5  | Identified the +1 cloak of Going Fast {+Blink Int-2 Dex+3}
                  | (You acquired it on level 5 of the Pits of Slime)
 43146 | Depths:1 | Entered Level 1 of the Depths
 43379 | Depths:1 | Found a gateway to Hell.
 43484 | Depths:1 | Reached skill level 17 in Fighting
 43484 | Depths:1 | Reached skill level 15 in Spellcasting
 43667 | Depths:1 | Identified the Reference Book on Spatial Flames
 43711 | Depths:1 | Found the ring of Shadows {Umbra +Inv Stlth+}
 44313 | Depths:2 | Identified the +4 mace "Ereczos" {freeze, Dex+7 Stlth+}
 44339 | Depths:2 | Reached XP level 26. HP: 145/145 MP: 43/43
 46339 | Depths:3 | Found a one-way gate leading to the halls of Pandemonium.
 46685 | Depths:4 | Found Onocunuo's Gadget Shoppe.
 46703 | Depths:4 | Found Wiwnatob's Jewellery Shop.
 46704 | Depths:4 | Found Tomus's Gadget Shoppe.
 46749 | Depths:4 | Noticed Saint Roka
 46763 | Depths:4 | Killed Saint Roka
 46796 | Depths:4 | Identified the ring of the Tuna {*Corrode rPois MR++ SInv
                  | Stlth+}
 46807 | Depths:4 | Found the +2 cloak of the Thief {+Fog Slay-2 SInv Stlth+}
 47038 | Depths:4 | Found a one-way gate to the infinite horrors of the Abyss.
 47044 | Depths:4 | Found a shimmering altar of Xom.
 47454 | Depths:4 | Found a shadowy altar of Dithmenos.
 47470 | Depths:4 | Reached XP level 27. HP: 151/151 MP: 44/44
 47580 | Depths:5 | Entered Level 5 of the Depths
 47589 | Depths:5 | Paralysed by a floating eye for 3 turns
 47606 | Depths:5 | Noticed Margery
 47622 | Depths:5 | Killed Margery
 47622 | Depths:5 | Identified the amulet of Brilliance {*Contam *Corrode +Rage
                  | rElec MR+++}
 47892 | Depths:5 | Reached skill level 18 in Fighting
 47954 | Depths:5 | Found Qocvewu's Antique Weapon Emporium.
 48055 | Depths:5 | Found a gateway to a ziggurat.
 48099 | Depths:5 | Found a glowing golden altar of the Shining One.
 48563 | Depths:5 | Found a gate to the Realm of Zot.
 48818 | Zig:1    | Entered Level 1 of a ziggurat
 48824 | Zig:1    | Gained mutation: Scrolls take you a little longer to read.
                  | [a shining eye]
 48825 | Zig:1    | Gained mutation: Your mind is acute. (Int +2) [a shining
                  | eye]
 48877 | Zig:2    | Entered Level 2 of a ziggurat
 48921 | Zig:3    | Entered Level 3 of a ziggurat
 48945 | Zig:3    | Got a transparent jade ring
 48952 | Zig:3    | Identified the ring of Xom's Full Attention {+Fly rPois
                  | MR+++ Dex-5 Slay-5} (You found it on level 3 of a ziggurat)
 49012 | Zig:4    | Entered Level 4 of a ziggurat
 49016 | Zig:4    | Found the +2 pair of boots of the Assassin {Detection Stab+
                  | Stlth++}
 49027 | Zig:4    | Reached skill level 10 in Necromancy
 49051 | Zig:5    | Entered Level 5 of a ziggurat
 49201 | Zig:6    | Entered Level 6 of a ziggurat
 49205 | Zig:6    | Found the ring of the Octopus King
 49224 | Zig:6    | Identified a ring of the Octopus King {Wiz AC+1 EV+1 Str+1
                  | Int+1 Dex+1} (You found it on level 6 of a ziggurat)
 49224 | Zig:6    | Identified the Papyrus of the Compass and the Entourage
 49285 | Zig:7    | Entered Level 7 of a ziggurat
 49289 | Zig:7    | Found the macabre finger necklace {rN+}
 49367 | Zig:8    | Entered Level 8 of a ziggurat
 49403 | Zig:8    | Identified the amulet of Ynloups {rC+ Regen+ Dex+7} (You
                  | found it on level 8 of a ziggurat)
 49435 | Zig:9    | Entered Level 9 of a ziggurat
 49663 | Zig:10   | Entered Level 10 of a ziggurat
 49740 | Zig:10   | Identified the ring of Gyzos {MP+9 Int+2 Stlth+} (You found
                  | it on level 10 of a ziggurat)
 49746 | Zig:10   | Identified the Compendium of the Shifting Escort
 49768 | Zig:11   | Entered Level 11 of a ziggurat
 49978 | Zig:11   | Identified the ring of Winter {+Blink rC+ Str+6 Int+5
                  | Dex-3} (You found it on level 11 of a ziggurat)
 50019 | Zig:12   | Entered Level 12 of a ziggurat
 50027 | Zig:12   | Noticed a greater mummy
 50030 | Zig:12   | Noticed a greater mummy
 50030 | Zig:12   | Noticed a greater mummy
 50040 | Zig:12   | Killed a greater mummy
 50041 | Zig:12   | Noticed a greater mummy
 50046 | Zig:12   | Killed a greater mummy
 50050 | Zig:12   | Killed a greater mummy
 50051 | Zig:12   | Killed a greater mummy
 50223 | Zot:1    | Entered Level 1 of the Realm of Zot
 50223 | Zot:1    | Noticed an orb of fire
 50232 | Zot:1    | Killed an orb of fire
 50260 | Zot:1    | Reached skill level 15 in Necromancy
 50298 | Zot:1    | Noticed an orb of fire
 50303 | Zot:1    | Gained mutation: You expend magic power (3 MP) to
                  | strengthen your wands. [an orb of fire]
 50304 | Zot:1    | Killed an orb of fire
 50366 | Zot:1    | Reached skill level 19 in Fighting
 50447 | Zot:1    | Learned a level 8 spell: Infestation
 50604 | Zot:1    | You fall through a shaft!
 51333 | Zot:2    | Noticed an orb of fire
 51338 | Zot:2    | Killed an orb of fire
 53280 | Zot:5    | Entered Level 5 of the Realm of Zot
 53917 | Zot:5    | Noticed an ancient lich
 53925 | Zot:5    | Killed an ancient lich
 53979 | Zot:5    | Noticed an orb of fire
 53979 | Zot:5    | Noticed an orb of fire
 53979 | Zot:5    | Noticed an orb of fire
 53981 | Zot:5    | Gained mutation: You are frail. (-10% HP) [an orb of fire]
 53991 | Zot:5    | Killed an orb of fire
 53993 | Zot:5    | Killed an orb of fire
 53998 | Zot:5    | Gained mutation: You tend to lose your temper in combat.
                  | [an orb of fire]
 54000 | Zot:5    | Killed an orb of fire
 54146 | Zot:5    | Reached skill level 20 in Fighting
 54176 | Zot:5    | Noticed an orb of fire
 54176 | Zot:5    | Gained mutation: You can translocate small distances at
                  | will. [an orb of fire]
 54177 | Zot:5    | Noticed an ancient lich
 54186 | Zot:5    | Killed an orb of fire
 54190 | Zot:5    | Killed an ancient lich
 54200 | Zot:5    | Noticed an orb of fire
 54207 | Zot:5    | Killed an orb of fire
 54325 | Zot:5    | Noticed an ancient lich
 54330 | Zot:5    | Killed an ancient lich
 54669 | Zot:5    | Learned a level 8 spell: Borgnjor's Revivification
 54938 | Hell     | Entered the Vestibule of Hell
 54938 | Hell     | Noticed Geryon
 54946 | Hell     | Killed Geryon
 55077 | Hell     | Found a gateway to the ashen valley of Gehenna.
 55138 | Hell     | Found a gateway to the decaying netherworld of Tartarus.
 55220 | Hell     | Lost mutation: Your mind is acute. (Int +2) [potion of
                  | mutation]
 55220 | Hell     | Lost mutation: You expend magic power (3 MP) to strengthen
                  | your wands. [potion of mutation]
 55220 | Hell     | Lost mutation: You are frail. (-10% HP) [potion of
                  | mutation]
 55220 | Hell     | Lost mutation: You tend to lose your temper in combat.
                  | [potion of mutation]
 55220 | Hell     | Gained mutation: You passively map a small area around you.
                  | [potion of mutation]
 55220 | Hell     | Gained mutation: Your muscles are strong. (Str +2) [potion
                  | of mutation]
 55220 | Hell     | Gained mutation: Your flesh is cold resistant. (rC+)
                  | [potion of mutation]
 55220 | Hell     | Gained mutation: You are resistant to hostile enchantments.
                  | (MR+) [potion of mutation]
 55276 | Hell     | Found a gateway to the freezing wastes of Cocytus.
 55360 | Hell     | Found a gateway to the Iron City of Dis.
 55655 | Depths:4 | Bought the ring of Robustness {AC+8} for 2816 gold pieces
 55655 | Depths:4 | Found the ring of Robustness {AC+8}
 55963 | Elf:1    | Bought an uncursed ring of protection from fire for 425
                  | gold pieces
 56259 | Pan      | Entered Pandemonium
 56291 | Pan      | Gained mutation: Your body sometimes deteriorates upon
                  | taking damage. [a neqoxec]
 56308 | Pan      | Noticed Sezosaeg the pandemonium lord
 56313 | Pan      | Killed Sezosaeg the pandemonium lord
 56437 | Pan      | Noticed Ziddeust the pandemonium lord
 56446 | Pan      | Killed Ziddeust the pandemonium lord
 56607 | Pan      | Noticed Pacejiti the pandemonium lord
 56618 | Pan      | Killed Pacejiti the pandemonium lord
 56663 | Pan      | Identified the +0 helmet of Subjectivity {Slay+3} (You
                  | found it in Pandemonium)
 56673 | Pan      | Found a runed translucent door.
 56691 | Pan      | Found a runed translucent door.
 56700 | Pan      | Found a runed translucent door.
 56700 | Pan      | Found a runed translucent door.
 56707 | Pan      | Noticed Acosaet the pandemonium lord
 56717 | Pan      | Cast into level 4 of the Abyss (Acosaet)
 56732 | Abyss:4  | Found a corrupted altar of Lugonu.
 56756 | Abyss:4  | Found a shadowy altar of Dithmenos.
 56841 | Pan      | Escaped the Abyss
 56844 | Pan      | Killed Acosaet the pandemonium lord
 57020 | Pan      | Noticed Gloorx Vloq
 57027 | Pan      | Killed Gloorx Vloq
 57027 | Pan      | Reached skill level 10 in Evocations
 57038 | Pan      | Got a dark rune of Zot
 57175 | Pan      | Found a runed translucent door.
 57180 | Pan      | Found a runed translucent door.
 57182 | Pan      | Found a runed translucent door.
 57196 | Pan      | Noticed Vituyceu the pandemonium lord
 57204 | Pan      | Killed Vituyceu the pandemonium lord
 57238 | Pan      | Got a demonic rune of Zot
 57267 | Pan      | Identified the +6 sword of Cerebov {flame}
 57267 | Pan      | Noticed Cerebov
 57280 | Pan      | Killed Cerebov
 57280 | Pan      | Reached skill level 15 in Dodging
 57320 | Pan      | Got a fiery rune of Zot
 57324 | Pan      | Identified the ring "Caukass" {rPois MR+} (You found it in
                  | Pandemonium)
 57372 | Pan      | Got a steaming silver ring
 57375 | Pan      | Identified the ring "Kiku" {rF- rC+ MR+ Str+3 Int+4} (You
                  | found it in Pandemonium)
 57377 | Pan      | Identified the Papyrus of Floating Hexes
 57456 | Pan      | Got a smoking cloak
 57459 | Pan      | Identified the +3 cloak of Elitism {*Corrode rC+ Int+2}
                  | (You found it in Pandemonium)
 57559 | Pan      | Gained mutation: You are frail. (-10% HP) [a cacodemon]
 57573 | Pan      | Found a runed translucent door.
 57787 | Pan      | Noticed Bisu the pandemonium lord
 57793 | Pan      | Killed Bisu the pandemonium lord
 57816 | Pan      | Found a runed translucent door.
 57818 | Pan      | Noticed Yghian Icom the pandemonium lord
 58079 | Pan      | Gained mutation: Your magical capacity is low. (-10% MP) [a
                  | neqoxec]
 58079 | Pan      | Gained mutation: You are dopey. (Int -2) [a neqoxec]
 58086 | Pan      | Gained mutation: Armour fits poorly on your strangely
                  | shaped body. [a neqoxec]
 58103 | Pan      | Noticed Mnoleg
 58115 | Pan      | Killed Mnoleg
 58141 | Pan      | Got a glowing rune of Zot
 58230 | Pan      | Noticed Xeocweg the pandemonium lord
 58248 | Pan      | Killed Xeocweg the pandemonium lord
 58365 | Pan      | Noticed Yhootafa the pandemonium lord
 58369 | Pan      | Killed Yhootafa the pandemonium lord
 58380 | Pan      | Identified the cursed +0 shield "Godok" {Dex+4} (You found
                  | it in Pandemonium)
 58401 | Pan      | Gained mutation: Your body often deteriorates upon taking
                  | damage. [a neqoxec]
 58401 | Pan      | Gained mutation: Your magical capacity is very low. (-20%
                  | MP) [a neqoxec]
 58514 | Pan      | Noticed Isiemergh the pandemonium lord
 58517 | Pan      | Cast into level 3 of the Abyss (Isiemergh)
 58667 | Pan      | Escaped the Abyss
 58694 | Pan      | Killed Isiemergh the pandemonium lord
 58712 | Pan      | Gained mutation: Your spells are a little easier to cast,
                  | but a little less powerful. [a neqoxec]
 58713 | Pan      | Gained mutation: You are very dopey. (Int -4) [a neqoxec]
 59107 | Pan      | Noticed Vut Dill the pandemonium lord
 59206 | Pan      | Found an exit through the horrors of the Abyss.
 59225 | Pan      | Noticed Huomeah the pandemonium lord
 59232 | Pan      | Killed Huomeah the pandemonium lord
 59666 | Pan      | Reached skill level 21 in Fighting
 59790 | Pan      | Found an exit through the horrors of the Abyss.
 59872 | Pan      | Noticed Lom Lobon
 59879 | Pan      | Killed Lom Lobon
 59928 | Pan      | Got a magical rune of Zot
 59966 | Pan      | Took an exit into the Abyss.
 59966 | Abyss:1  | Escaped into the Abyss
 60153 | Abyss:1  | Found a corrupted altar of Lugonu.
 60438 | Abyss:4  | Found a corrupted altar of Lugonu.
 60480 | Abyss:4  | Got an abyssal rune of Zot
 60522 | Depths:3 | Escaped the Abyss
 60651 | Tar:1    | Entered Level 1 of Tartarus
 60674 | Hell     | Lost mutation: You are very dopey. (Int -4) [potion of
                  | mutation]
 60674 | Hell     | Lost mutation: Your body often deteriorates upon taking
                  | damage. [potion of mutation]
 60674 | Hell     | Lost mutation: You are resistant to hostile enchantments.
                  | (MR+) [potion of mutation]
 60674 | Hell     | Gained mutation: You are resistant to electric shocks.
                  | (rElec) [potion of mutation]
 60674 | Hell     | Lost mutation: Your body sometimes deteriorates upon taking
                  | damage. [potion of mutation]
 60674 | Hell     | Gained mutation: Your muscles are very strong. (Str +4)
                  | [potion of mutation]
 60675 | Hell     | Lost mutation: Your magical capacity is very low. (-20% MP)
                  | [potion of mutation]
 60675 | Hell     | Lost mutation: Scrolls take you a little longer to read.
                  | [potion of mutation]
 60675 | Hell     | Lost mutation: You are frail. (-10% HP) [potion of
                  | mutation]
 60675 | Hell     | Lost mutation: You are dopey. (Int -2) [potion of mutation]
 60675 | Hell     | Gained mutation: You are partially covered in large bone
                  | plates. (SH +4) [potion of mutation]
 61053 | Tar:4    | Reached skill level 15 in Earth Magic
 61533 | Tar:7    | Entered Level 7 of Tartarus
 61681 | Tar:7    | Identified the ring "Fiam" {rN+ SInv} (You found it on
                  | level 7 of Tartarus)
 61765 | Tar:7    | Noticed Ereshkigal
 61773 | Tar:7    | Killed Ereshkigal
 61803 | Tar:7    | Got a bone rune of Zot
 61872 | Geh:1    | Entered Level 1 of Gehenna
 62092 | Geh:4    | You fall through a shaft for 2 floors!
 62148 | Geh:7    | Entered Level 7 of Gehenna
 62345 | Geh:7    | Identified Kaikh's Incunabulum of Dusty Necromancy
 62431 | Geh:7    | Identified the +7 sceptre of Asmodeus
 62431 | Geh:7    | Noticed Asmodeus
 62449 | Geh:7    | Killed Asmodeus
 62471 | Geh:7    | Got a vibrating bone ring
 62472 | Geh:7    | Identified the ring "Naqostre" {*Tele rPois} (You found it
                  | on level 7 of Gehenna)
 62474 | Geh:7    | Got an obsidian rune of Zot
 62529 | Hell     | Learned a level 9 spell: Shatter
 62574 | Dis:1    | Entered Level 1 of the Iron City of Dis
 62679 | Dis:3    | Gained mutation: You are dopey. (Int -2) [mutagenic glow]
 62703 | Dis:3    | Gained mutation: You tend to lose your temper in combat.
                  | [mutagenic glow]
 62859 | Dis:4    | Lost mutation: Your muscles are very strong. (Str +4)
                  | [potion of mutation]
 62859 | Dis:4    | Lost mutation: You are dopey. (Int -2) [potion of mutation]
 62859 | Dis:4    | Gained mutation: You have sharp toenails. [potion of
                  | mutation]
 62861 | Dis:4    | Lost mutation: Your muscles are strong. (Str +2) [potion of
                  | mutation]
 62861 | Dis:4    | Lost mutation: Your magical capacity is low. (-10% MP)
                  | [potion of mutation]
 62861 | Dis:4    | Lost mutation: You have sharp toenails. [potion of
                  | mutation]
 62861 | Dis:4    | Lost mutation: Armour fits poorly on your strangely shaped
                  | body. [potion of mutation]
 62861 | Dis:4    | Gained mutation: You are robust. (+10% HP) [potion of
                  | mutation]
 62862 | Dis:4    | Lost mutation: You are partially covered in large bone
                  | plates. (SH +4) [potion of mutation]
 62862 | Dis:4    | Lost mutation: Your flesh is cold resistant. (rC+) [potion
                  | of mutation]
 62862 | Dis:4    | Lost mutation: You tend to lose your temper in combat.
                  | [potion of mutation]
 62862 | Dis:4    | Gained mutation: Your magical capacity is low. (-10% MP)
                  | [potion of mutation]
 62862 | Dis:4    | Gained mutation: You have a pair of small horns on your
                  | head. [potion of mutation]
 63018 | Dis:5    | Reached skill level 22 in Fighting
 63206 | Dis:7    | Entered Level 7 of the Iron City of Dis
 63475 | Dis:7    | Got an iron rune of Zot
 63576 | Coc:1    | Entered Level 1 of Cocytus
 63742 | Coc:2    | Lost mutation: You are robust. (+10% HP) [mutagenic glow]
 63765 | Coc:3    | Gained mutation: Armour fits poorly on your strangely
                  | shaped body. [mutagenic glow]
 63878 | Coc:7    | Entered Level 7 of Cocytus
 63953 | Coc:7    | Reached skill level 23 in Fighting
 64195 | Coc:7    | Identified Coitut's Guide on Boosting Poison
 64226 | Coc:7    | Noticed the Serpent of Hell
 64232 | Coc:7    | Killed the Serpent of Hell
 64285 | Coc:7    | Noticed Antaeus
 64302 | Coc:7    | Killed Antaeus
 64329 | Coc:7    | Got an icy rune of Zot
 64765 | Tomb:1   | Entered Level 1 of the Tomb of the Ancients
 64920 | Tomb:1   | Reached skill level 24 in Fighting
 65007 | Tomb:1   | Noticed a greater mummy
 65011 | Tomb:1   | Noticed a greater mummy
 65013 | Tomb:1   | Killed a greater mummy
 65017 | Tomb:1   | Killed a greater mummy
 65584 | Tomb:1   | Noticed a greater mummy
 65584 | Tomb:1   | Noticed a greater mummy
 65586 | Tomb:1   | Noticed a greater mummy
 65588 | Tomb:1   | Killed a greater mummy
 65588 | Tomb:1   | Noticed a greater mummy
 65591 | Tomb:1   | Noticed a greater mummy
 65593 | Tomb:1   | Killed a greater mummy
 65596 | Tomb:1   | Killed a greater mummy
 65600 | Tomb:1   | Noticed a greater mummy
 65601 | Tomb:1   | Noticed a greater mummy
 65601 | Tomb:1   | Killed a greater mummy
 65602 | Tomb:1   | Killed a greater mummy
 65604 | Tomb:1   | Killed a greater mummy
 65609 | Tomb:1   | Noticed a greater mummy
 65612 | Tomb:1   | Killed a greater mummy
 65619 | Tomb:1   | Killed a greater mummy
 65756 | Tomb:1   | Noticed a greater mummy
 65764 | Tomb:1   | Killed a greater mummy
 65894 | Tomb:1   | Noticed a greater mummy
 65897 | Tomb:1   | Noticed a greater mummy
 65901 | Tomb:1   | Killed a greater mummy
 65901 | Tomb:1   | Noticed a greater mummy
 65902 | Tomb:1   | Noticed a greater mummy
 65902 | Tomb:1   | Noticed a greater mummy
 65904 | Tomb:1   | Noticed a greater mummy
 65904 | Tomb:1   | Noticed a greater mummy
 65905 | Tomb:1   | Reached skill level 25 in Fighting
 65908 | Tomb:1   | Killed a greater mummy
 65910 | Tomb:1   | Killed a greater mummy
 65913 | Tomb:1   | Killed a greater mummy
 65916 | Tomb:1   | Killed a greater mummy
 65922 | Tomb:1   | Noticed a greater mummy
 65927 | Tomb:1   | Killed a greater mummy
 65936 | Tomb:1   | Killed a greater mummy
 65938 | Tomb:1   | Killed a greater mummy
 66235 | Tomb:2   | Cast into level 5 of the Abyss (the power of Zot)
 66235 | Abyss:5  | Entered Level 5 of the Abyss
 66235 | Abyss:5  | Entered Level 5 of the Abyss
 66257 | Tomb:2   | Escaped the Abyss
 66298 | Tomb:2   | Noticed a greater mummy
 66304 | Tomb:2   | Killed a greater mummy
 66312 | Tomb:2   | Noticed Khufu
 66312 | Tomb:2   | Noticed a greater mummy
 66312 | Tomb:2   | Noticed a greater mummy
 66316 | Tomb:2   | Noticed a greater mummy
 66319 | Tomb:2   | Killed a greater mummy
 66319 | Tomb:2   | Noticed Frederick
 66321 | Tomb:2   | Noticed a greater mummy
 66583 | Tomb:3   | Entered Level 3 of the Tomb of the Ancients
 66598 | Tomb:3   | Noticed an ancient lich
 66607 | Tomb:3   | Killed an ancient lich
 66610 | Tomb:3   | Noticed a greater mummy
 66616 | Tomb:3   | Noticed a greater mummy
 66616 | Tomb:3   | Noticed a greater mummy
 66633 | Tomb:3   | Killed a greater mummy
 66650 | Tomb:3   | Reached skill level 26 in Fighting
 66658 | Tomb:3   | Killed a greater mummy
 66660 | Tomb:3   | Killed a greater mummy
 66701 | Tomb:3   | Found the +2 Maxwell's thermic engine {flame, freeze}
 66735 | Tomb:3   | Noticed a greater mummy
 66739 | Tomb:3   | Killed a greater mummy
 66753 | Tomb:3   | Noticed a greater mummy
 66759 | Tomb:3   | Noticed a greater mummy
 66760 | Tomb:3   | Killed a greater mummy
 66763 | Tomb:3   | Noticed a greater mummy
 66764 | Tomb:3   | Noticed a greater mummy
 66765 | Tomb:3   | Killed a greater mummy
 66769 | Tomb:3   | Killed a greater mummy
 66773 | Tomb:3   | Killed a greater mummy
 67001 | Tomb:3   | Got a golden rune of Zot
 67733 | Zot:5    | Got the Orb of Zot
 68083 | D:14     | Noticed Loru the pandemonium lord
 68087 | D:14     | Killed Loru the pandemonium lord
 68368 | D:$      | Escaped with the Orb!

Levels and vault maps discovered:
D:1:      eino_arrival_cavern_b, layout_basic, minmay_lizard_pond
D:2:      layout_loops_ring, lemuel_round_altar, cheibriados_altar_1,
          serial_co_window_serial, co_window_corner_a, co_window_corner_a,
          co_window_corner_a, co_window_of_opportunity_a, co_window_paths_a,
          co_window_paths_a, co_window_corner_a, co_window_corner_a,
          co_window_of_opportunity_a, co_window_2corner, co_window_2corner,
          co_window_broadway_a, co_window_corner_b, co_window_broadway_b,
          glass_columns_a, glass_columns_a, glass_columns_b, glass_columns_c,
          glass_columns_a
D:3:      layout_loops_ring, nicolae_overflow_hidden_temple, first_ration,
          minmay_misc_feat_diagonals
D:4:      layout_cave_pools, gammafunk_temple_overflow_elements,
          overflow_temple_1_default, minmay_crystal_room
D:5:      layout_loops_ring, overflow_temple_1_default,
          cheibrodos_ashenzari_chains, minmay_temple_entry_offerings,
          minmay_chambers_of_fives, uniq_edmund, uniq_ijyb
D:6:      layout_rooms, basic_altar
D:7:      layout_basic, old_standard_altar, serial_shops, kennysheep_little_box
D:8:      layout_basic, uniq_maurice
D:9:      kennysheep_kobold_camp, layout_irregular_city, kennysheep_mini,
          serial_column_ruins, column_ruins_square_medium,
          column_ruins_columns_corner, column_ruins_open_large,
          column_ruins_grid_3, column_ruins_columns_straight,
          column_ruins_grid_1, column_ruins_open_small
D:10:     layout_gridville, serial_undead, serial_undead_c, serial_undead_c,
          serial_undead_b, serial_undead_a
D:11:     layout_basic, dpeg_lair_monsters, orc_0_dummy, david_nohive_1,
          hangedman_decor_lopped
D:12:     layout_basic
D:13:     layout_roguey, serial_rivers, chequers_serial_rivers_large_a,
          chequers_serial_rivers_micro_d, chequers_serial_rivers_marsh,
          chequers_serial_rivers_micro_e, uniq_kirke
D:14:     layout_gridville, erik_vaults_2, enter_trove_3, uniq_frances,
          uniq_azrael
D:15:     hangedman_depths_entry_civil_slaughter, layout_long_grid,
          minivault_23, chequers_decorated_corner, uniq_rupert
Lair:1:   layout_long_grid, chequers_serial_rivers_micro_c
Lair:2:   layout_roguey, basic_altar, grunt_megastairs_2, serial_bayou_shore_b,
          infiniplex_staircase_pool
Lair:3:   layout_cave_pods, special_room [special_room_bee],
          lemuel_fruit_fields, lemuel_fruit_tree, serial_bayou_shore_b,
          uniq_gastronok
Lair:4:   layout_loops_ring, nicolae_swamp_entry_splash_gauntlet,
          spider_nest_entry_a, portal_ice_cave_rime, beast_lair_carwin_9,
          uniq_josephine
Lair:5:   layout_roguey, nicolae_lair_grove_arrangements, hibernation_bobbens,
          grunt_megastairs_3
Lair:6:   minmay_lair_end_frog_pond, layout_regular_city, slime_altar_1,
          gauntlet_entry_generic, st_stairs_5, chequers_serial_rivers_micro_b,
          minmay_lindwurm_lava
Swamp:1:  layout_falls_marsh, hangedman_swamp_ruin_wall
Swamp:2:  layout_basic_swamp, evilmike_swamp_ruin_house_4
Swamp:3:  layout_falls_marsh, evilmike_swamp_ruin_rubble_2, swamp_pool5,
          uniq_donald
Swamp:4:  swamp_old_school, layout_basic_swamp, swamp_pool1,
          infiniplex_staircase_pool_2, uniq_louise
Spider:1: layout_spider_delve, drop_trap
Spider:2: layout_spider_delve, uniq_arachne
Spider:3: cheibrodos_forgotten_conduit, drop_trap, uniq_roxanne
Spider:4: grunt_spider_rune_circles
Slime:1:  layout_caves, basic_altar
Slime:2:  layout_caves, nicolae_slime_welcoming_committee
Slime:3:  layout_caves
Slime:4:  layout_caves
Slime:5
Orc:1:    cheibrodos_orc_arena, layout_caves, uniq_harold
Orc:2:    st_orc_congregation, layout_diamond_mine, enter_volcano_1
Elf:1:    minmay_elf_arrival_summoners, layout_geoelf_octagon, serial_shops,
          shop, minmay_elf_demonology
Elf:2:    layout_geoelf_diagonals, serial_shops, nicolae_shop_stone,
          grunt_megastairs_1
Elf:3:    minmay_elf_hall_dome, layout_geoelf_grid, serial_shops,
          nicolae_shop_stone, uniq_mara
Vaults:1: vaults_mumra_hex, nicolae_vaults_know_your_exits, v_misc_9,
          nicolae_vaults_little_squares_4, v_misc_31,
          nicolae_vaults_network_star, vaults_mumra_chevron_long,
          nicolae_vaults_network_s, v_misc_26, nicolae_vaults_circle_grid_b,
          layout_vaults_ring
Vaults:2: v_pattern_3, v_misc_28, nicolae_vaults_network_periphery, v_misc_11,
          ontoclasm_vaults_shuriken, nicolae_vaults_shelves_hall,
          grunt_vaults_diagonal, ontoclasm_vaults_chip,
          hangedman_vaults_restitches, layout_vaults_omnibox, serial_shops,
          shop, uniq_nikola
Vaults:3: gammafunk_vaults_ghost_tricky_traps, v_misc_2,
          minmay_crypt_entry_simple_box, hangedman_vaults_cutoff,
          vaults_room_hallway, v_alt_pattern_1, nicolae_vaults_circle_grid_b,
          vaults_mumra_lcd, vaults_room_guarded_vault,
          grunt_vaults_hallway_long, v_misc_18, vaults_room_pools,
          layout_vaults_chaotic_city
Vaults:4: v_misc_1, v_pattern_5, vaults_dpeg_ring, v_misc_1, v_misc_12,
          nicolae_vaults_diagonal_hallway_7, ontoclasm_vaults_ring_large,
          hangedman_vaults_maws, v_alt_pattern_3,
          nicolae_vaults_big_angled_halls, nicolae_vaults_angled_halls,
          layout_vaults_big_cross
Vaults:5
Crypt:1:  gammafunk_the_bubble [the_bubble_gammafunk_split],
          layout_misc_corridors, st_stairs_11
Crypt:2:  layout_catacombs, uniq_bai_suzhen
Crypt:3:  lightli_unholy_cathedral, layout_chaotic_city,
          nicolae_tomb_entry_rubble_hallway
Tomb:1
Tomb:2:   uniq_frederick, uniq_khufu
Tomb:3
Depths:1: layout_gridville, ebering_dispersal_statue_hall,
          hangedman_tar_grid_catacomb, drop_trap,
          hangedman_abyss_or_decor_stabs, chequers_serial_rivers_micro_c,
          minmay_misc_feat_nine_boxes, minmay_swirly_circle
Depths:2: grunt_deathspiral_small, layout_gridlike, nicolae_two_hexagons,
          pf_vacation_house_of_asmodeus, minivault_16, serial_bayou_shore_a
Depths:3: lemuel_troll_bridge, layout_cave_shapes, lightli_too_deep,
          rand_demon_pan_entry_4, corexii_leaking_fountain
Depths:4: regret_index_dithmenos_brocken_genspenst, layout_small_grid,
          hell_entry, minmay_misc_feat_encased, abyss_entry_glasseish,
          xom_teletrap_fun, serial_bayou_shore_b, minmay_shop_grove,
          infiniplex_staircase_x, uniq_saint_roka
Depths:5: lemuel_castle_with_subvaults [lemuel_castle_interior_carwin_1],
          layout_cave_shapes, enter_ziggurat_e, hellmouth_1, abyss_entry,
          lemuel_crystal_altar, serial_shops, nicolae_shop_window_shopping,
          drop_trap, lightli_minifort, uniq_margery
Hell
Dis:1:    layout_chaotic_city, hangedman_dis_decor_blocks_mantle
Dis:2:    layout_gridville
Dis:3:    layout_jigsaw
Dis:4:    layout_subdivisions
Dis:5:    layout_subdivisions
Dis:6:    layout_subdivisions
Dis:7:    iron_city_of_dis [dis_old, dis_wall_6], layout_chaotic_city
Geh:1:    layout_gehenna_pools_triple, nicolae_geh_fiery_graves
          [nicolae_geh_single_fiery_grave, nicolae_geh_single_fiery_grave,
          nicolae_geh_single_fiery_grave, nicolae_geh_single_fiery_grave,
          nicolae_geh_single_fiery_grave, nicolae_geh_single_fiery_grave,
          nicolae_geh_single_fiery_grave, nicolae_geh_single_fiery_grave,
          nicolae_geh_single_fiery_grave], nicolae_geh_sunburst
Geh:2:    layout_gehenna_lava_caves
Geh:3:    layout_gehenna_pools_basic, special_room [special_room_morgue],
          lemuel_elevator
Geh:4:    layout_gehenna_lava_caves, lemuel_flamethrower_3
Geh:6:    layout_gehenna_pools_basic, lemuel_hellish_altar
Geh:7:    geh_grunt
Coc:1:    layout_ice_bergs
Coc:2:    layout_ice_bergs
Coc:3:    layout_cocytus_water_paths
Coc:4:    layout_cocytus_water_paths
Coc:5:    layout_cocytus_water_paths, lemuel_elevator
Coc:6:    layout_ice_bergs
Coc:7:    coc_dpeg
Tar:1:    layout_grid_maze, grunt_tartarus_stairs_gauntlet_trap
Tar:2:    layout_honeycomb
Tar:3:    layout_grid_maze
Tar:4:    layout_cathedral_of_symmetry
Tar:5:    layout_grid_maze
Tar:6:    layout_grid_maze
Tar:7:    tar_mu [tar_mu_maze]
Zot:1:    layout_onion_interference
Zot:2:    layout_concentric_octagons
Zot:3:    kennysheep_spiral_hall, layout_concentric_octagons
Zot:4:    layout_basic
Zot:5:    layout_basic
Abyss:1:  minivault_28
Abyss:2:  hangedman_abyss_river_spirits
Abyss:3:  hangedman_abyss_shoalhut
Abyss:4:  evilmike_abyss_rune_siren_acolytes
Abyss:5:  evilmike_abyss_exit_7, abyss_exit_lava
Pan:      lom_lobon_spiral_st, layout_onion_city
Zig:1
Zig:2
Zig:3
Zig:4
Zig:5
Zig:6
Zig:7
Zig:8
Zig:9
Zig:10
Zig:11
Zig:12:   ziggurat_pillar_abc, ziggurat_pillar_abc, ziggurat_pillar_abc,
          ziggurat_pillar_abc
Trove:    trove_garden
IceCv:    ice_cave_statue_garden_chambered
Gauntlet: minmay_gauntlet_77_indecision [minmay_gauntlet_arena_77_block_sizes,
          minmay_gauntlet_arena_77_mirror,
          minmay_gauntlet_arena_77_hold_the_fort,
          minmay_gauntlet_arena_77_double_cross,
          minmay_gauntlet_arena_77_terracotta_army,
          minmay_gauntlet_arena_77_run_for_it, gauntlet_exit_green]

Skill      XL: |  1  2  3  4  5  6  7  8  9 10 11 12 13 14 15 16 17 18 19 20 21 22 23 24 25 26 27 |
---------------+----------------------------------------------------------------------------------+-----
Fighting       | 1 2 3 4 5 6 7 8 9 10 11 12 13 14 15 16 17 26 | 26.7
Shields        | 1 2 3 4 5 7 8 9 11 13 14 15 16 25 | 25.0
Transmutations | 3 4 6 7 8 9 10 | 10.0
Unarmed Combat | 4 5 6 7 8 9 10 11 12 13 14 15 16 17 18 19 20 25 | 25.4
Evocations     | 3 4 5 6 8 14 | 14.0
Dodging        | 2 4 5 6 7 8 9 10 11 12 13 15 | 15.0
Invocations    | 1 4 5 6 8 9 10 11 12 | 12.0
Spellcasting   | 3 4 6 7 8 9 10 11 12 13 14 15 16 23 | 23.5
Summonings     | 3 4 7 8 |  8.0
Air Magic      | 3 5 7 |  7.0
Earth Magic    | 3 5 7 8 9 10 11 18 | 18.1
Necromancy     | 1 4 5 6 7 8 9 18 | 18.0
Charms         | 2 4 5 6 8 |  8.0
Translocations | 2 5 6 |  6.0

Action                   |  1- 3 |  4- 6 |  7- 9 | 10-12 | 13-15 | 16-18 | 19-21 | 22-24 | 25-27 || total
-------------------------+-------+-------+-------+-------+-------+-------+-------+-------+-------++-------
Melee: Unarmed           |   110 |   168 |   440 |   471 |  1003 |  1227 |   774 |   717 |  3906 ||  8816
       Bite              |    25 |    45 |   185 |   250 |   579 |   745 |   340 |   358 |  1810 ||  4337
       Punch             |     1 |       |       |       |       |       |       |       |       ||     1
       Kick              |       |     5 |     7 |    16 |       |       |       |       |       ||    28
       Headbutt          |       |       |       |       |       |       |       |       |   229 ||   229
Throw: Stone             |       |       |    46 |    78 |    20 |       |       |       |       ||   144
       Throwing net      |       |       |       |       |       |       |       |       |     1 ||     1
 Cast: Sticks to Snakes  |     4 |    10 |    10 |    11 |     7 |    18 |       |       |     5 ||    65
       Beastly Appendage |       |     2 |     2 |     2 |       |       |       |       |       ||     6
       Spider Form       |       |     1 |     4 |       |     1 |       |       |       |       ||     6
       Song of Slaying   |       |       |       |     4 |    11 |     6 |    13 |    10 |    20 ||    64
       Shroud of Golubri |       |       |       |     4 |     9 |    10 |     9 |     3 |       ||    35
       Summon Lightning  |       |       |       |     3 |    15 |    21 |     7 |     3 |    20 ||    69
       Regeneration      |       |       |       |     4 |    20 |    19 |    14 |    19 |   142 ||   218
       Summon Butterflie |       |       |       |     1 |       |       |       |       |     1 ||     2
       Lee's Rapid Decon |       |       |       |       |    26 |     4 |       |       |       ||    30
       Blink             |       |       |       |       |       |     3 |     1 |       |    11 ||    15
       Borgnjor's Vile C |       |       |       |       |       |    13 |    14 |    16 |    87 ||   130
       Statue Form       |       |       |       |       |       |     3 |    74 |    48 |   345 ||   470
       Lesser Beckoning  |       |       |       |       |       |       |    19 |    17 |   115 ||   151
       Aura of Abjuratio |       |       |       |       |       |       |     4 |     7 |    54 ||    65
       Apportation       |       |       |       |       |       |       |       |     1 |    21 ||    22
       Deflect Missiles  |       |       |       |       |       |       |       |     1 |    17 ||    18
       Passage of Golubr |       |       |       |       |       |       |       |     1 |    52 ||    53
       Infestation       |       |       |       |       |       |       |       |       |   115 ||   115
       Passwall          |       |       |       |       |       |       |       |       |    50 ||    50
       Shatter           |       |       |       |       |       |       |       |       |    12 ||    12
       Borgnjor's Revivi |       |       |       |       |       |       |       |       |     1 ||     1
Invok: Bend Time         |       |     1 |     2 |       |       |       |       |       |       ||     3
       Slouch            |       |       |       |     7 |    20 |     5 |       |     2 |     5 ||    39
       Step From Time    |       |       |       |       |       |     1 |       |       |       ||     1
 Abil: End Transformatio |       |       |       |       |     1 |       |       |       |       ||     1
       Evoke Invisibilit |       |       |       |       |     2 |     8 |     1 |       |    15 ||    26
Evoke: Wand              |       |       |     4 |     8 |    10 |    27 |     8 |     1 |     7 ||    65
       Lightning rod     |       |       |       |       |     2 |     3 |       |       |       ||     5
       Sack of spiders   |       |       |       |       |       |       |       |       |     8 ||     8
       Phantom mirror    |       |       |       |       |       |       |       |       |     1 ||     1
  Use: Scroll            |       |    11 |     7 |    12 |    29 |    15 |    13 |    11 |    59 ||   157
       Potion            |       |       |       |       |     3 |       |       |       |    25 ||    28
 Stab: Distracted        |       |     1 |       |     3 |     5 |     6 |     2 |       |    52 ||    69
       Paralysed         |       |       |     5 |     3 |     8 |     9 |       |       |       ||    25
       Sleeping          |       |       |     2 |     2 |     6 |     7 |     2 |       |    10 ||    29
       Invisible         |       |       |       |       |     2 |    37 |     3 |       |    17 ||    59
  Eat: Chunk             |     1 |     8 |     7 |    12 |    15 |    14 |    25 |     4 |    17 ||   103
       Ration            |       |       |       |       |     3 |     3 |     1 |     4 |    18 ||    29
Armor: Ring mail         |    35 |    44 |    94 |     1 |       |       |       |       |       ||   174
       Leather armour    |       |       |       |    11 |       |       |       |       |       ||    11
       Troll leather arm |       |       |       |    33 |   251 |   451 |    18 |     3 |    23 ||   779
       Skin              |       |       |       |       |       |    81 |   331 |   298 |  1356 ||  2066
Dodge: Dodged            |    50 |    78 |   235 |   306 |   724 |  1046 |   739 |   540 |  3899 ||  7617
       Deflected         |       |       |       |       |       |       |       |     6 |   147 ||   153
Block: Buckler           |     1 |    25 |   105 |   124 |   240 |       |       |       |       ||   495
       Shield            |       |       |       |       |   183 |  1029 |   833 |   966 |   564 ||  3575
       Reflection        |       |       |       |       |       |     4 |   123 |    31 |   124 ||   282
       Large shield      |       |       |       |       |       |       |       |       |  7427 ||  7427

Table legend:
 A = Non-vault XP
 B = Vault XP
 C = Vault XP percentage of total XP
 D = Non-vault monster count
 E = Vault monster count
 F = Vault count percentage of total count
                 A         B        C        D         E       F
            +---------+---------+-------+---------+---------+-------
      Total | 1908975 | 1597344 |  45.6 |    3287 |    1508 |  31.4
            +---------+---------+-------+---------+---------+-------
        D:1 |      39 |      10 |  20.4 |      20 |      10 |  33.3
        D:2 |     155 |       0 |   0.0 |      17 |       0 |   0.0
        D:3 |     130 |       0 |   0.0 |      25 |       0 |   0.0
        D:4 |     431 |       0 |   0.0 |      20 |       0 |   0.0
        D:5 |     322 |     242 |  42.9 |      17 |       5 |  22.7
        D:6 |    1241 |       0 |   0.0 |      39 |       0 |   0.0
        D:7 |     796 |       0 |   0.0 |      13 |       0 |   0.0
        D:8 |    1307 |     449 |  25.6 |      24 |       1 |   4.0
        D:9 |     747 |     128 |  14.6 |      14 |      21 |  60.0
       D:10 |    2332 |     797 |  25.5 |      38 |       7 |  15.6
       D:11 |    6328 |    4448 |  41.3 |      48 |      21 |  30.4
       D:12 |    7624 |       0 |   0.0 |      41 |       0 |   0.0
       D:13 |    4893 |    2632 |  35.0 |      18 |       4 |  18.2
       D:14 |   10069 |    9522 |  48.6 |      38 |      15 |  28.3
       D:15 |   10210 |    7547 |  42.5 |      35 |       7 |  16.7
     Lair:1 |    1550 |       0 |   0.0 |       5 |       0 |   0.0
     Lair:2 |    2356 |     390 |  14.2 |      16 |       2 |  11.1
     Lair:3 |    4874 |    3555 |  42.2 |      21 |      21 |  50.0
     Lair:4 |    7285 |    5158 |  41.5 |      34 |      18 |  34.6
     Lair:5 |    6475 |    1262 |  16.3 |      17 |       3 |  15.0
     Lair:6 |    4844 |   13365 |  73.4 |      12 |      50 |  80.6
    Swamp:1 |   13898 |       0 |   0.0 |      40 |       0 |   0.0
    Swamp:2 |   14686 |       0 |   0.0 |      37 |       0 |   0.0
    Swamp:3 |   16666 |    2298 |  12.1 |      43 |       4 |   8.5
    Swamp:4 |   10244 |   18432 |  64.3 |      30 |      23 |  43.4
   Spider:1 |    7751 |       0 |   0.0 |      26 |       0 |   0.0
   Spider:2 |   12809 |    3541 |  21.7 |      30 |       1 |   3.2
   Spider:3 |   16756 |    5656 |  25.2 |      47 |       9 |  16.1
   Spider:4 |   16461 |   24759 |  60.1 |      45 |      41 |  47.7
    Slime:1 |     375 |       0 |   0.0 |       2 |       0 |   0.0
    Slime:2 |    2326 |     291 |  11.1 |       5 |       7 |  58.3
    Slime:3 |   10207 |       0 |   0.0 |      10 |       0 |   0.0
    Slime:4 |   12482 |       0 |   0.0 |      14 |       0 |   0.0
    Slime:5 |   11738 |   29395 |  71.5 |      11 |      10 |  47.6
      Orc:1 |    2198 |    4151 |  65.4 |      24 |      18 |  42.9
      Orc:2 |    4813 |   11837 |  71.1 |      47 |      78 |  62.4
      Elf:1 |    8890 |    6254 |  41.3 |      13 |      12 |  48.0
      Elf:2 |   20655 |    4928 |  19.3 |      34 |       6 |  15.0
      Elf:3 |   21179 |   45980 |  68.5 |      34 |      27 |  44.3
   Vaults:1 |   11662 |   18456 |  61.3 |      20 |      35 |  63.6
   Vaults:2 |   23990 |   21851 |  47.7 |      41 |      29 |  41.4
   Vaults:3 |   32232 |   31523 |  49.4 |      52 |      38 |  42.2
   Vaults:4 |   41924 |   31136 |  42.6 |      75 |      42 |  35.9
   Vaults:5 |   48358 |  108315 |  69.1 |      62 |      75 |  54.7
    Crypt:1 |   48724 |    5621 |  10.3 |      71 |       5 |   6.6
    Crypt:2 |   16760 |    5011 |  23.0 |      34 |       1 |   2.9
    Crypt:3 |   37768 |   42650 |  53.0 |      48 |      31 |  39.2
     Tomb:1 |   12698 |  146229 |  92.0 |      38 |      72 |  65.5
     Tomb:2 |    3548 |   22574 |  86.4 |      18 |      18 |  50.0
     Tomb:3 |   11708 |  106649 |  90.1 |      42 |     107 |  71.8
   Depths:1 |   34438 |   25231 |  42.3 |      49 |      16 |  24.6
   Depths:2 |   17173 |   39313 |  69.6 |      20 |      46 |  69.7
   Depths:3 |   50567 |   15158 |  23.1 |      66 |      21 |  24.1
   Depths:4 |   34029 |   26872 |  44.1 |      44 |      36 |  45.0
   Depths:5 |   57647 |   56470 |  49.5 |      59 |      51 |  46.4
       Hell |   22032 |   32018 |  59.2 |      35 |      65 |  65.0
      Dis:1 |    4262 |       0 |   0.0 |       5 |       0 |   0.0
      Dis:2 |    1279 |       0 |   0.0 |       3 |       0 |   0.0
      Dis:3 |   12691 |       0 |   0.0 |      19 |       0 |   0.0
      Dis:4 |    3965 |       0 |   0.0 |       7 |       0 |   0.0
      Dis:5 |   29805 |       0 |   0.0 |      54 |       0 |   0.0
      Dis:6 |   12366 |       0 |   0.0 |      31 |       0 |   0.0
      Dis:7 |   35128 |   46776 |  57.1 |      37 |      28 |  43.1
      Geh:1 |    5300 |       0 |   0.0 |      12 |       0 |   0.0
      Geh:2 |   17358 |       0 |   0.0 |      53 |       0 |   0.0
      Geh:3 |   20694 |       0 |   0.0 |      48 |       0 |   0.0
      Geh:6 |   15800 |       0 |   0.0 |      51 |       0 |   0.0
      Geh:7 |   33028 |   47613 |  59.0 |      66 |      34 |  34.0
      Coc:1 |   15200 |       0 |   0.0 |      34 |       0 |   0.0
      Coc:3 |    6421 |       0 |   0.0 |      19 |       0 |   0.0
      Coc:4 |    2646 |       0 |   0.0 |       6 |       0 |   0.0
      Coc:5 |   12136 |       0 |   0.0 |      32 |       0 |   0.0
      Coc:7 |   60255 |   69823 |  53.7 |      98 |      33 |  25.2
      Tar:1 |     429 |       0 |   0.0 |       3 |       0 |   0.0
      Tar:2 |    9671 |       0 |   0.0 |      15 |       0 |   0.0
      Tar:3 |   26366 |       0 |   0.0 |      45 |       0 |   0.0
      Tar:4 |   16011 |       0 |   0.0 |      18 |       0 |   0.0
      Tar:5 |   62226 |       0 |   0.0 |      85 |       0 |   0.0
      Tar:6 |    7380 |       0 |   0.0 |      14 |       0 |   0.0
      Tar:7 |   13042 |   35591 |  73.2 |      17 |      25 |  59.5
      Zot:1 |   94764 |       0 |   0.0 |      51 |       0 |   0.0
      Zot:2 |   38809 |       0 |   0.0 |      26 |       0 |   0.0
      Zot:3 |   45690 |    9410 |  17.1 |      29 |       4 |  12.1
      Zot:4 |   47347 |       0 |   0.0 |      27 |       0 |   0.0
      Zot:5 |   38288 |  166389 |  81.3 |      21 |      44 |  67.7
    Abyss:1 |   11660 |       0 |   0.0 |      18 |       0 |   0.0
    Abyss:3 |   16703 |    7252 |  30.3 |      42 |      16 |  27.6
    Abyss:4 |   10250 |   18408 |  64.2 |      28 |      31 |  52.5
    Abyss:5 |    2242 |       0 |   0.0 |       6 |       0 |   0.0
        Pan |  271724 |  244940 |  47.4 |     358 |     152 |  29.8
      Zig:1 |    1390 |       0 |   0.0 |       2 |       0 |   0.0
      Zig:2 |    3523 |       0 |   0.0 |       3 |       0 |   0.0
      Zig:3 |    3630 |       0 |   0.0 |       4 |       0 |   0.0
      Zig:4 |    6027 |       0 |   0.0 |       4 |       0 |   0.0
      Zig:5 |    6238 |       0 |   0.0 |       7 |       0 |   0.0
      Zig:6 |    8129 |       0 |   0.0 |       6 |       0 |   0.0
      Zig:7 |   11221 |       0 |   0.0 |      10 |       0 |   0.0
      Zig:8 |   12048 |       0 |   0.0 |      12 |       0 |   0.0
      Zig:9 |   11449 |       0 |   0.0 |      16 |       0 |   0.0
     Zig:10 |   19720 |       0 |   0.0 |      15 |       0 |   0.0
     Zig:11 |    8331 |       0 |   0.0 |      22 |       0 |   0.0
     Zig:12 |   32933 |       0 |   0.0 |      30 |       0 |   0.0
      IceCv |       0 |    3254 | 100.0 |       0 |      11 | 100.0
   Gauntlet |       0 |    5784 | 100.0 |       0 |      21 | 100.0
            +---------+---------+-------+---------+---------+-------
